Workbook
Name _AAL2: '[2]AAL2 Site List - All'!$A$2:$B$134
Name _ISP2: [3]install!$I$6
Name _ISP3: [3]install!$I$7
Name _OSP1: [3]install!$I$8
Name _OSP2: [3]install!$I$9
Name _Regression_Int: 1
Name _sek1: 1.108
Name _sek2: 1.1
Name _sek3: 1.1
Name _sm10: [4]Input!$BA$90
Name _sm11: [4]Input!$BF$90
Name _sm12: [4]Input!$BK$90
Name _sm13: [4]Input!$BP$90
Name _sm14: [4]Input!$BU$90
Name _sm15: [4]Input!$BZ$90
Name _sm16: [4]Input!$CE$90
Name _sm17: [4]Input!$CJ$90
Name _sm18: [4]Input!$CO$90
Name _sm19: [4]Input!$CT$90
Name _sm2: [4]Input!$M$90
Name _sm20: [4]Input!$CY$90
Name _sm3: [4]Input!$R$90
Name _sm4: [4]Input!$W$90
Name _sm5: [4]Input!$AB$90
Name _sm6: [4]Input!$AG$90
Name _sm7: [4]Input!$AL$90
Name _sm8: [4]Input!$AQ$90
Name _sm9: [4]Input!$AV$90
Name _SUB1: [3]para!$G$65
Name _SUB10: [3]para!$G$74
Name _SUB12: [3]para!$G$76
Name _SUB13: [3]para!$G$77
Name _SUB15: [3]para!$G$79
Name _SUB2: [3]para!$G$66
Name _SUB3: [3]para!$G$67
Name _SUB4: [3]para!$G$68
Name _SUB5: [3]para!$G$69
Name _SUB6: [3]para!$G$70
Name _SUB8: [3]para!$G$72
Name _SUB9: [3]para!$G$73
Name _Syn1: [4]Input!$H$91
Name _Syn10: [4]Input!$BA$91
Name _Syn11: [4]Input!$BF$91
Name _Syn12: [4]Input!$BK$91
Name _Syn13: [4]Input!$BP$91
Name _Syn14: [4]Input!$BU$91
Name _Syn15: [4]Input!$BZ$91
Name _Syn16: [4]Input!$CE$91
Name _Syn17: [4]Input!$CJ$91
Name _Syn18: [4]Input!$CO$91
Name _Syn19: [4]Input!$CT$91
Name _Syn2: [4]Input!$M$91
Name _Syn20: [4]Input!$CY$91
Name _Syn3: [4]Input!$R$91
Name _Syn4: [4]Input!$W$91
Name _Syn5: [4]Input!$AB$91
Name _Syn6: [4]Input!$AG$91
Name _Syn7: [4]Input!$AL$91
Name _Syn8: [4]Input!$AQ$91
Name _Syn9: [4]Input!$AV$91

Sheet Summary.
B2: No: | C2: 0004/IRR/Open/I/2024 | N2: LIVING WORLD GRAND WISATA
C3: Product : | D3: Opennet | J3: Tanggal P&L: | M3: 45300
C4: Status P&L | D4: New
B6: Site Information | E6: Technical Information | J6: Financial Summary
B7: Site Name | D7: Living World Grand Wisata | E7: IBC | K7: Capex /antenna | M7: 0
B8: Address | E8: Antena PKS BM | K8: Contract Period (thn) | M8: 5
E9: Antena Asset | H9: 0 | K9: Interest rate /year | M9: ='PnL (D)'!C22 -> 0.1
B10: Area building | D10: Cikarang | E10: Jumlah Pole Makro | K10: Kurs 1USD | M10: 0
B11: Type of building | E11: OPENET | K11: Total Revenue | M11: =IRR!R24 -> 2387810000
B12: Status | D12: New | E12: Total Homepass | H12: 300 | K12: Total Investment | M12: =IRR!R17 -> 410000000
B13: Total floor | E13: Cable FO (Core) | H13: 0 | K13: Total CoGS Rev Share | M13: =IRR!R28 -> 811855400
B14: No of building tower | D14: 1 | E14: Cable FO (meter) | H14: 0 | K14: Total CoGS Others | M14: =IRR!R29+IRR!R30+IRR!R31+IRR!R32+IRR!R33 -> 8.240808e+08
E15: Drop Wire (meter)
E16: OTHERS | K16: IRR | M16: =IRR!F50 -> 0.37765762
K17: ROIC | M17: =IRR!F51 -> 0.31806599
K18: NPV | M18: =IRR!F52 -> 1.2299997e+08
K19: EBITDA margin | M19: =IRR!F53 -> 0.31488008
K20: Payback (year) | M20: =IRR!F54 -> 4.1086123
B22: Target Achieved by Commercial: | L22: Prepared by
D23: Tidak ada BW / Broadband untuk service (Sensorindo yg Maintain) | L23: Citra Kartika
D24: ONT,ODP,OLT, Patchord, Splitter, Kabel Milik gedung
D25: IBS membiayai dahulu semua Instalasi milik gedung, Profit IBS dari Rev Share
D26: Rev Share ISP-IBS (50-50), IBS-BM (66-34) dari 50% Rev IBS
B31: Approved by

Sheet Summary
D4: 10 Years | F4: 15 Years | H4: 20 Years
B5: Contract Length (Year)
B7: Total Revenue | D7: =SUM('PnL (A)'!#REF!) -> #REF! | F7: =SUM('PnL (A)'!#REF!) -> #REF! | H7: =SUM('PnL (A)'!#REF!) -> #REF!
B8: CAPEX | D8: ='PnL (A)'!C25 -> 62500000 | F8: =D8 -> 62500000 | H8: =D8 -> 62500000
B9: EBITDA | D9: 0.64986115 | F9: 0.64986115 | H9: 0.64986115
B10: IRR | D10: 0.26692664 | F10: 0.26692664 | H10: 0.26692664
B11: ROIC | D11: 0.37221936 | F11: 0.37221936 | H11: 0.37221936
B12: BEP | D12: 4.6481409 | F12: 4.6481409 | H12: 4.6481409

Sheet Simulation
C2: Contract Term | D2: 10
C4: Revenue
C5: Services | D5: MRC | E5: OTC | F5: Unitary | H5: Total Revenue During Contract
C6: FTTH | D6: 150000 | E6: 0 | F6: per HC Subscription pe rmonth | G6: =H6/H$11 -> #REF! | H6: =SUM('PnL (A)'!#REF!) -> #REF!
C7: Backhaul Lease | D7: 20000 | F7: per Mbps pe rmonth | G7: =H7/H$11 -> #REF! | H7: =SUM('PnL (A)'!#REF!) -> #REF!
C8: Local Loop | D8: 1700000 | E8: 2500000 | F8: per month for 20 Mbps capacity | G8: =H8/H$11 -> #REF! | H8: =SUM('PnL (A)'!#REF!) -> #REF!
C9: Anyfi | D9: 75000 | F9: per Operator per month | G9: =H9/H$11 -> #REF! | H9: =SUM('PnL (A)'!#REF!) -> #REF!
C10: AnyFi Operator | D10: 1
C11: Total | H11: =SUM(H6:H10) -> #REF!
D14: Calendar of Booking | H14: Year of Booking
C15: OPEX | D15: 0.12 | H15: 0.12
C16: BHP/USO | D16: 0.0175 | H16: =D16 -> 0.0175
C17: HC OM | D17: 350000 | H17: =D17 -> 350000
C18: Other OPEX | D18: ='PnL (A)'!#REF! -> #REF! | H18: ='PnL (A)'!#REF! -> #REF!
C19: Rev% to Developer | D19: 0.15 | H19: =D19 -> 0.15
C20: Rev% Starts in | D20: 1 | H20: =D20 -> 1
D23: P/L Booking Method & CAPEX Posting
D24: A | F24: B | H24: C
C25: P/L Parameters | D25: Calendar of Booking - CAPEX Upfront | F25: Calendar of Booking - CAPEX HC OTG | H25: Year of Booking - CAPEX Upfront
C26: CAPEX Upfront | D26: ='PnL (A)'!C25 -> 62500000 | F26: =-'PnL (A)'!#REF! -> #REF! | H26: =-'PnL (A)'!#REF! -> #REF!
C27: CAPEX OTG | D27: 0 | F27: =-SUM('PnL (A)'!#REF!) -> #REF! | H27: 0
C28: EBITDA | D28: ='PnL (A)'!#REF! -> #REF! | F28: ='PnL (A)'!#REF! -> #REF! | H28: ='PnL (A)'!#REF! -> #REF!
C29: IRR | D29: ='PnL (A)'!#REF! -> #REF! | F29: ='PnL (A)'!#REF! -> #REF! | H29: ='PnL (A)'!#REF! -> #REF!
C30: ROIC | D30: ='PnL (A)'!#REF! -> #REF! | F30: ='PnL (A)'!#REF! -> #REF! | H30: ='PnL (A)'!#REF! -> #REF!
C31: BEP | D31: ='PnL (A)'!#REF! -> #REF! | F31: ='PnL (A)'!#REF! -> #REF! | H31: ='PnL (A)'!#REF! -> #REF!

Sheet IRR
B1: No | R1: LIVING WORLD GRAND WISATA
B2: General Asumption | L2: % inc (dec)
C3: Tax Rate | F3: 0.02
C4: Interest Rate | F4: 0.1
C5: SG&A | F5: 0.05 | G5: from Revenues
C6: BHPUSO | F6: 0.0175 | G6: from Revenues
C7: Price Adjustment after 5 year | F7: 0.15
B11: Investment | G11: Y0 | H11: Y1 | I11: Y2 | J11: Y3 | K11: Y4 | L11: Y5 | M11: Y6 | N11: Y7 | O11: Y8 | P11: Y9 | Q11: Y10 | R11: Total
B12: Total Investment
A13: Instalasi Kbel oleh Gedung | D13: ONT + pathcord | E13: 300 | F13: 1jt/ tenant | H13: =300*Assumption!E9*1000000 -> 66000000 | I13: =(300*Assumption!F9*1000000)-H13 -> 36000000 | J13: =(300*Assumption!G9*1000000)-H13-I13 -> 42000000 | K13: =(300*Assumption!H9*1000000)-J13-I13-H13 -> 42000000 | L13: =(300*Assumption!I9*1000000)-K13-J13-I13-H13 -> 24000000 | R13: =SUM(G13:Q13) -> 210000000
D14: Backup OLT | J14: 200000000 | R14: =SUM(G14:Q14) -> 200000000
R15: =SUM(G15:Q15) -> 0
I16: =$F$9*0 -> 0 | J16: =$F$9*0 -> 0 | K16: =$F$9*0 -> 0 | R16: =SUM(G16:Q16) -> 0
H17: =SUM(H13:H16) -> 66000000 | I17: =SUM(I13:I16) -> 36000000 | J17: =SUM(J13:J16) -> 242000000 | K17: =SUM(K13:K16) -> 42000000 | L17: =SUM(L13:L16) -> 24000000 | R17: =SUM(R13:R16) -> 410000000
B19: IRR Calculation | G19: Year 0 | H19: 2024 | I19: =H19+1 -> 2025 | J19: =I19+1 -> 2026 | K19: =J19+1 -> 2027 | L19: =K19+1 -> 2028 | M19: =L19+1 -> 2029 | N19: =M19+1 -> 2030 | O19: =N19+1 -> 2031 | P19: =O19+1 -> 2032 | Q19: =P19+1 -> 2033 | R19: Total
B20: Months of Service | G20: 12 | H20: 12 | I20: 12 | J20: 12 | K20: 12 | L20: 12 | M20: 12 | N20: 12 | O20: 12 | P20: 12 | Q20: 12
B21: % increase (decrease) | M21: 0.1
B23: Revenues
C24: GPON Revenue from ISP (50%) | H24: =Revenue!E41 -> 146740000 | I24: =Revenue!F41 -> 334230000 | J24: =Revenue!G41 -> 486570000 | K24: =Revenue!H41 -> 649200000 | L24: =Revenue!I41 -> 771070000 | M24: =$K$3*0 -> 0 | N24: =$K$3*(1-$L$3)*0 -> 0 | O24: =$K$3*(1-$L$3)*0 -> 0 | P24: =$K$3*(1-$L$3)*0 -> 0 | Q24: =$K$3*(1-$L$3)*0 -> 0 | R24: =SUM($G24:Q24) -> 2387810000
B25: Total Revenues | G25: =SUM(G24:G24) -> 0 | H25: =SUM(H24:H24) -> 146740000 | I25: =SUM(I24:I24) -> 334230000 | J25: =SUM(J24:J24) -> 486570000 | K25: =SUM(K24:K24) -> 649200000 | L25: =SUM(L24:L24) -> 771070000 | M25: =SUM(M24:M24) -> 0 | N25: =SUM(N24:N24) -> 0 | ... R25: =SUM(R24:R24) -> 2387810000 | S25: =SUM(G25:Q25)-R25 -> 0
B27: OPEX
C28: Rev. Share to BM | F28: 34% per tahun | G28: from Revenues | H28: =34%*H25 -> 49891600 | I28: =34%*I25 -> 1.136382e+08 | J28: =34%*J25 -> 165433800 | K28: =K25*34% -> 2.20728e+08 | L28: =L25*34% -> 2.621638e+08 | R28: =SUM($H28:Q28) -> 811855400
C29: EOS (Engineering On Site) | F29: 2 person | G29: 5 jt /bln /org | H29: =13*10000000*1/2 -> 65000000 | I29: =13*10000000*1 -> 130000000 | J29: =I29 -> 130000000 | K29: =J29 -> 130000000 | L29: =K29 -> 130000000 | R29: =SUM($H29:Q29) -> 585000000
C30: Maintenance Cost | F30: 2,5 jt/ bln | H30: 15000000 | I30: 30000000 | J30: =I30 -> 30000000 | K30: =J30 -> 30000000 | L30: =K30 -> 30000000 | M30: =200000000*0.5*0 -> 0 | N30: =200000000*0.5*0 -> 0 | O30: =200000000*0.5*0 -> 0 | P30: =200000000*0.5*0 -> 0 | Q30: =200000000*0.5*0 -> 0 | R30: =SUM($H30:Q30) -> 135000000
H31: ='Calculation Sheet'!E92*0 -> 0 | I31: =H31 -> 0 | J31: =I31 -> 0 | K31: =J31 -> 0 | L31: =K31 -> 0 | R31: =SUM($H31:Q31) -> 0
H32: =H25*10%*0 -> 0 | I32: =I25*10%*0 -> 0 | M32: =M25*$F$32 -> 0 | N32: =N25*$F$32 -> 0 | O32: =O25*$F$32 -> 0 | P32: =P25*$F$32 -> 0 | Q32: =Q25*$F$32 -> 0 | R32: =SUM($H32:Q32) -> 0
C33: SG&A (inhouse resources) | H33: ='Parameter Interest'!B65 -> 20000000 | I33: ='Parameter Interest'!C65 -> 20400000 | J33: ='Parameter Interest'!D65 -> 20808000 | K33: ='Parameter Interest'!E65 -> 21224160 | L33: ='Parameter Interest'!F65 -> 21648643 | M33: =[75]PARAMETER!G10*0 -> 0 | N33: =[75]PARAMETER!H10*0 -> 0 | O33: =[75]PARAMETER!I10*0 -> 0 | P33: =[75]PARAMETER!J10*0 -> 0 | Q33: =[75]PARAMETER!K10*0 -> 0 | R33: =SUM($G33:Q33) -> 1.040808e+08
B34: Total OPEX | G34: =SUM(G28:G33) -> 0 | H34: =SUM(H28:H33) -> 149891600 | I34: =SUM(I28:I33) -> 294038200 | J34: =SUM(J28:J33) -> 346241800 | K34: =SUM(K28:K33) -> 401952160 | L34: =SUM(L28:L33) -> 4.4381244e+08 | M34: =SUM(M28:M33) -> 0 | N34: =SUM(N28:N33) -> 0 | ... R34: =SUM(R28:R33) -> 1.6359362e+09 | S34: =R34/R25 -> 0.68511992
B35: Total EBITDA | G35: =G25-G34 -> 0 | H35: =H25-H34 -> -3151600 | I35: =I25-I34 -> 40191800 | J35: =J25-J34 -> 140328200 | K35: =K25-K34 -> 247247840 | L35: =L25-L34 -> 3.2725756e+08 | M35: =M25-M34 -> 0 | N35: =N25-N34 -> 0 | ... R35: =R25-R34 -> 7.518738e+08 | S35: =SUM(G35:Q35)-R35 -> 0
B36: Ebitda margin | H36: =H35/H25 -> -0.021477443 | I36: =I35/I25 -> 0.12025192 | J36: =J35/J25 -> 0.2884029 | K36: =K35/K25 -> 0.38085003 | L36: =L35/L25 -> 0.42442004 | M36: =M35/M25 -> #DIV/0! | N36: =N35/N25 -> #DIV/0! | O36: =O35/O25 -> #DIV/0! | ... R36: =R35/R25 -> 0.31488008
B38: Depreciation Expense | H38: =H67 -> 0 | I38: =I67 -> 0 | J38: =J67 -> 0 | K38: =K67 -> 0 | L38: =L67 -> 0 | M38: =M67*0 -> 0 | N38: =N67*0 -> 0 | O38: =O67*0 -> 0 | P38: =P67*0 -> 0 | Q38: =Q67*0 -> 0 | R38: =SUM($G38:Q38) -> 0
B39: Total EBIT | G39: =G35-G38 -> 0 | H39: =H35-H38 -> -3151600 | I39: =I35-I38 -> 40191800 | J39: =J35-J38 -> 140328200 | K39: =K35-K38 -> 247247840 | L39: =L35-L38 -> 3.2725756e+08 | M39: =M35-M38 -> 0 | N39: =N35-N38 -> 0 | ... R39: =R35-R38 -> 7.518738e+08 | S39: =SUM(G39:Q39)-R39 -> 0
B40: Interest Expense | H40: ='Parameter Interest'!C18 -> 3300000 | I40: ='Parameter Interest'!D18 -> 7740000 | J40: ='Parameter Interest'!E18 -> 19960000 | K40: ='Parameter Interest'!F18 -> 29700000 | L40: ='Parameter Interest'!G18 -> 25700000 | M40: =[75]PARAMETER!G$5*0 -> 0 | R40: =SUM($G40:Q40) -> 86400000
B41: EBT | G41: =G39-G40 -> 0 | H41: =H39-H40 -> -6451600 | I41: =I39-I40 -> 32451800 | J41: =J39-J40 -> 120368200 | K41: =K39-K40 -> 217547840 | L41: =L39-L40 -> 3.0155756e+08 | M41: =M39-M40 -> 0 | N41: =N39-N40 -> 0 | ... Q41: =Q39-Q40 -> 0 | R41: =SUM($G41:Q41) -> 6.654738e+08 | S41: =SUM(G41:Q41)-R41 -> 0
B42: Tax Expense | G42: =IF(G41<0,0,G41*$F$3) -> 0 | H42: =IF(H41<0,0,H41*$F$3) -> 0 | I42: =IF(I41<0,0,I41*$F$3) -> 649036 | J42: =IF(J41<0,0,J41*$F$3) -> 2407364 | K42: =IF(K41<0,0,K41*$F$3) -> 4350956.8 | L42: =IF(L41<0,0,L41*$F$3) -> 6031151.1 | M42: =IF(M41<0,0,M41*$F$3) -> 0 | N42: =IF(N41<0,0,N41*$F$3) -> 0 | ... Q42: =IF(Q41<0,0,Q41*$F$3) -> 0 | R42: =SUM($G42:Q42) -> 13438508
B43: Net Income | G43: =G41-G42 -> 0 | H43: =H41-H42 -> -6451600 | I43: =I41-I42 -> 31802764 | J43: =J41-J42 -> 117960836 | K43: =K41-K42 -> 2.1319688e+08 | L43: =L41-L42 -> 2.9552641e+08 | M43: =M41-M42 -> 0 | N43: =N41-N42 -> 0 | ... R43: =R41-R42 -> 6.5203529e+08 | S43: =SUM(G43:Q43)-R43 -> 0
B45: Capex | G45: =-G13+-G16 -> 0 | H45: =-H17 -> -66000000 | I45: =-I17 -> -36000000 | J45: =-J17 -> -242000000 | K45: =-K17 -> -42000000 | L45: =-L17 -> -24000000 | M45: =-M16 -> 0 | N45: =-N16 -> 0 | O45: =-O16 -> 0 | P45: =-P16 -> 0 | Q45: =-Q16 -> 0 | R45: =SUM($G$45:Q45) -> -410000000
B46: FCFF | H46: =H45+H43+H38 -> -72451600 | I46: =I45+I43+I38 -> -4197236 | J46: =J45+J43+J38 -> -124039164 | K46: =K45+K43+K38 -> 1.7119688e+08 | L46: =L45+L43+L38 -> 2.7152641e+08 | M46: =M45+M43+M38 -> 0 | N46: =N45+N43+N38 -> 0 | O46: =O45+O43+O38 -> 0 | ... Q46: =Q45+Q43+Q38 -> 0 | R46: =SUM($G$46:Q46) -> 2.4203529e+08
B47: Accumulated FCF | G47: =F47+G46 -> 0 | H47: =G47+H46 -> -72451600 | I47: =H47+I46 -> -76648836 | J47: =I47+J46 -> -200688000 | K47: =J47+K46 -> -29491117 | L47: =K47+L46 -> 2.4203529e+08 | M47: =(L47+M46)*0 -> 0 | N47: =M47+N46 -> 0 | O47: =N47+O46 -> 0 | P47: =O47+P46 -> 0 | Q47: =P47+Q46 -> 0
B48: PBP | G48: =IF(AND(F47<0,G47>0),H55-(G47/G46),0) -> 0 | H48: =IF(AND(G47<0,H47>0),H55-(H47/H46),0) -> 0 | I48: =IF(AND(H47<0,I47>0),I55-(I47/I46),0) -> 0 | J48: =IF(AND(I47<0,J47>0),J55-(J47/J46),0) -> 0 | K48: =IF(AND(J47<0,K47>0),K55-(K47/K46),0) -> 0 | L48: =IF(AND(K47<0,L47>0),L55-(L47/L46),0) -> 4.1086123 | M48: =IF(AND(L47<0,M47>0),N55-(M47/M46),0) -> 0 | N48: =IF(AND(M47<0,N47>0),O55-(N47/N46),0) -> 0 | O48: =IF(AND(N47<0,O47>0),P55-(O47/O46),0) -> 0 | Q48: =IF(AND(O47<0,Q47>0),R55-(Q47/Q46),0) -> 0
B50: IRR | F50: =IRR(G46:Q46) -> 0.37765762
B51: ROIC | F51: =AVERAGE(H43:L43)/R17 -> 0.31806599
B52: NPV | F52: =NPV(F4,H46:Q46) -> 1.2299997e+08
B53: EBITDA margin | F53: =R36 -> 0.31488008
B54: Payback | F54: =SUM(G48:Q48) -> 4.1086123
H55: 1 | I55: 2 | J55: 3 | K55: 4 | L55: 5 | M55: 6 | N55: 7 | O55: 8 | P55: 9 | Q55: 10
B56: Depreciation Calculation | E56: no of Year depreciated | H56: =H19 -> 2024 | I56: =I19 -> 2025 | J56: =J19 -> 2026 | K56: =K19 -> 2027 | L56: =L19 -> 2028 | M56: =M19 -> 2029 | N56: =N19 -> 2030 | O56: =O19 -> 2031 | ... Q56: =Q19 -> 2033 | R56: Total
D57: Year 1 | E57: 5 | R57: =SUM($H57:Q57) -> 0
D58: Year 2 | E58: 4 | R58: =SUM(H58:L58) -> 0
D59: Year 3 | E59: 3 | K59: =J59 -> 0 | L59: =K59 -> 0 | R59: =SUM(H59:L59) -> 0
D60: Year 4 | E60: 2 | R60: =SUM(H60:L60) -> 0
D61: Year 5 | E61: 1 | R61: =SUM(H61:L61) -> 0
D62: Year 6 | E62: 5 | R62: =SUM($G62:Q62) -> 0
D63: Year 7 | E63: 4 | N63: =M$13/$E63 -> 0 | O63: =N63 -> 0 | P63: =O63 -> 0 | R63: =SUM($G63:Q63) -> 0
D64: Year 8 | E64: 3 | O64: =N$13/$E64 -> 0 | P64: =O64 -> 0 | R64: =SUM($G64:Q64) -> 0
D65: Year 9 | E65: 2 | P65: =O$13/$E65 -> 0 | R65: =SUM($G65:Q65) -> 0
D66: Year 10 | E66: 1 | R66: =SUM($G66:Q66) -> 0
B67: Total Depreciation | H67: =SUM(H57:H66) -> 0 | I67: =SUM(I57:I66) -> 0 | J67: =SUM(J57:J66) -> 0 | K67: =SUM(K57:K66) -> 0 | L67: =SUM(L57:L66) -> 0 | M67: =SUM(M57:M66) -> 0 | N67: =SUM(N57:N66) -> 0 | O67: =SUM(O57:O66) -> 0 | ... R67: =SUM(R57:R66) -> 0

Sheet PnL (D)
B1: PROJECTION
B2: Contract Term | C2: 5 | D2: year
B3: Total Room | C3: 360
D5: Growth | E5: 1 | F5: 2 | G5: 3 | H5: 4 | I5: 5
B6: Tenancy rate | E6: =Assumption!E9 -> 0.22 | F6: =Assumption!F9 -> 0.34 | G6: =Assumption!G9 -> 0.48 | H6: =Assumption!H9 -> 0.62 | I6: =Assumption!I9 -> 0.7
B7: Total Tenancy | E7: =$C$3 -> 360 | F7: =$C$3 -> 360 | G7: =$C$3 -> 360 | H7: =$C$3 -> 360 | I7: =$C$3 -> 360
B8: Total Occupancy | E8: =E7*E6 -> 79.2 | F8: =F7*F6 -> 122.4 | G8: =G7*G6 -> 172.8 | H8: =H7*H6 -> 223.2 | I8: =I7*I6 -> 252
B10: IBS's REVENUE PROJECTION | E10: =#REF!/12/E7/(1-#REF!) -> #REF! | F10: =#REF!/12/F7/(1-#REF!) -> #REF! | G10: =#REF!/12/G7/(1-#REF!) -> #REF! | H10: =#REF!/12/H7/(1-#REF!) -> #REF! | I10: =#REF!/12/I7/(1-#REF!) -> #REF!
B11: TOTAL REVENUE | C11: =SUM(E11:I11) -> 2387810000 | D11: IDR | E11: =Revenue!E41 -> 146740000 | F11: =Revenue!F41 -> 334230000 | G11: =Revenue!G41 -> 486570000 | H11: =Revenue!H41 -> 649200000 | I11: =Revenue!I41 -> 771070000 | K11: =E11*2 -> 293480000
J12: ISP | K12: =K11*50% -> 146740000
J13: IBS | K13: =K11*25% -> 73370000
B14: P&L ANALYSIS | J14: BM | K14: =K11*25% -> 73370000
B15: Product | C15: Last Mile (FTTB Access)
B16: Conditions | C16: Deployment & Operation | K16: =K12*25% -> 36685000
B17: Name of Location
B19: Commercial Terms
B20: Contract Length (year) | C20: 5
B21: Total Contract Revenue
B22: Interest Rate Expense | C22: 0.1
B23: Internet Cost per month (IDR) | C23: 0
B24: Monthly EOS Cost (IDR) | C24: 0
B25: Capex (IDR) | C25: =(500000*147) -> 73500000
B26: Share Cost Backbone (IDR) | C26: 0
B29: CAPEX SCHEDULE | C29: Year | E29: Year 1 | F29: Year 2 | G29: Year 3 | H29: Year 4 | I29: Year 5
C30: Year | E30: 1 | F30: 2 | G30: 3 | H30: 4 | I30: 5
C31: Month | E31: 12 | F31: 12 | G31: 12 | H31: 12 | I31: 12
B33: Home Connected - IKR | C33: 1000000 | D33: per unit/HC | E33: =$C$33*147 -> 147000000
B34: GPON | E34: =$C$25+40000000 -> 113500000 | G34: 200000000
B35: Tech Refresh | C35: 0.17 | E35: =C35*C25 -> 12495000
B37: TOTAL CAPEX | C37: =SUM(E37:I37) -> 472995000 | E37: =SUM(E33:E36) -> 272995000 | F37: =SUM(F33:F36) -> 0 | G37: =SUM(G33:G36) -> 200000000 | H37: =SUM(H33:H36) -> 0 | I37: =SUM(I33:I36) -> 0
B39: Depreciation calculation | C39: No. of year depreciated
B40: Year 1 | C40: 5 | E40: =E37/$C$40 -> 54599000 | F40: =E40 -> 54599000 | G40: =F40 -> 54599000 | H40: =G40 -> 54599000 | I40: =H40 -> 54599000
B41: Year 2 | C41: 4 | E41: 0 | F41: =F37/$C$41 -> 0 | G41: =F41 -> 0 | H41: =G41 -> 0 | I41: =H41 -> 0
B42: Year 3 | C42: 3 | E42: 0 | F42: 0 | G42: =G37/$C$42 -> 66666667 | H42: =G42 -> 66666667 | I42: =H42 -> 66666667
B43: Year 4 | C43: 2 | E43: 0 | F43: 0 | G43: 0 | H43: =H37/$C$43 -> 0 | I43: =H43 -> 0
B44: Year 5 | C44: 1 | E44: 0 | F44: 0 | G44: 0 | H44: 0 | I44: =I37/$C$44 -> 0
B45: Total Depreciation calculation | E45: =SUM(E40:E44) -> 54599000 | F45: =SUM(F40:F44) -> 54599000 | G45: =SUM(G40:G44) -> 1.2126567e+08 | H45: =SUM(H40:H44) -> 1.2126567e+08 | I45: =SUM(I40:I44) -> 1.2126567e+08
B47: OPEX
B48: Rev Share to BM | C48: 0.4 | D48: of total revenues | E48: =$C$48*E11 -> 58696000 | F48: =$C$48*F11 -> 133692000 | G48: =$C$48*G11 -> 194628000 | H48: =30%*H11 -> 194760000 | I48: =30%*I11 -> 231321000
B49: EOS | C49: 10000000 | D49: Montly cost | E49: =($C$49*E31+C49) -> 130000000 | F49: =$C$49*F31+C49 -> 130000000 | G49: =$C$49*G31+C49 -> 130000000 | H49: =$C$49*H31+C49 -> 130000000 | I49: =$C$49*I31+C49 -> 130000000
B50: Fixed Operational Cost | C50: 0.05 | D50: of total CAPEX | E50: =E37*C50 -> 13649750 | F50: =E37*C50 -> 13649750 | G50: =$C$37*$C$50 -> 23649750 | H50: =$C$37*$C$50 -> 23649750 | I50: =$C$37*$C$50 -> 23649750
B51: Electricity | C51: 0.03 | D51: of total revenues | E51: =$C$51*E11 -> 4402200 | F51: =$C$51*F11 -> 10026900 | G51: =$C$51*G11 -> 14597100 | H51: =$C$51*H11 -> 19476000 | I51: =$C$51*I11 -> 23132100
B52: SG&A | C52: 0.05 | D52: of total revenues | E52: =$C$52*E11 -> 7337000 | F52: =$C$52*F11 -> 16711500 | G52: =$C$52*G11 -> 24328500 | H52: =$C$52*H11 -> 32460000 | I52: =$C$52*I11 -> 38553500
B53: BHP | C53: 0.0175 | D53: of total revenues | E53: =$C$53*E11 -> 2567950 | F53: =$C$53*F11 -> 5849025 | G53: =$C$53*G11 -> 8514975 | H53: =$C$53*H11 -> 11361000 | I53: =$C$53*I11 -> 13493725
B54: Total OPEX | C54: =SUM(E54:I54) -> 1794157225 | E54: =SUM(E48:E53) -> 216652900 | F54: =SUM(F48:F53) -> 309929175 | G54: =SUM(G48:G53) -> 395718325 | H54: =SUM(H48:H53) -> 411706750 | I54: =SUM(I48:I53) -> 460150075
B57: EBITDA | C57: =C11-C54 -> 593652775 | E57: =E11-E54 -> -69912900 | F57: =F11-F54 -> 24300825 | G57: =G11-G54 -> 90851675 | H57: =H11-H54 -> 237493250 | I57: =I11-I54 -> 310919925
B58: EBITDA Margin | C58: =C57/C11 -> 0.2486181 | E58: =E57/E11 -> -0.47644064 | F58: =F57/F11 -> 0.072706893 | G58: =G57/G11 -> 0.18671861 | H58: =H57/H11 -> 0.36582448 | I58: =I57/I11 -> 0.40323178
B60: Depreciation cost | E60: =E45 -> 54599000 | F60: =F45 -> 54599000 | G60: =G45 -> 1.2126567e+08 | H60: =H45 -> 1.2126567e+08 | I60: =I45 -> 1.2126567e+08
B62: EBIT | E62: =E57-E60 -> -124511900 | F62: =F57-F60 -> -30298175 | G62: =G57-G60 -> -30413992 | H62: =H57-H60 -> 1.1622758e+08 | I62: =I57-I60 -> 1.8965426e+08
B64: Interest Expense | E64: ='Parameter Interest'!B5 -> loan IBC | F64: ='Parameter Interest'!C5 -> 0 | G64: ='Parameter Interest'!D5 -> 36000000 | H64: ='Parameter Interest'!E5 -> 28800000 | I64: ='Parameter Interest'!F5 -> 21600000
B65: EBT | E65: =E62-E64 -> #VALUE! | F65: =F62-F64 -> -30298175 | G65: =G62-G64 -> -66413992 | H65: =H62-H64 -> 87427583 | I65: =I62-I64 -> 1.6805426e+08
B66: Tax | C66: 0.02 | E66: =IF(E65<0,0,E65*$C$66) -> #VALUE! | F66: =IF(F65<0,0,F65*$C$66) -> 0 | G66: =IF(G65<0,0,G65*$C$66) -> 0 | H66: =IF(H65<0,0,H65*$C$66) -> 1748551.7 | I66: =IF(I65<0,0,I65*$C$66) -> 3361085.2
B68: Net income | E68: =E65-E66 -> #VALUE! | F68: =F65-F66 -> -30298175 | G68: =G65-G66 -> -66413992 | H68: =H65-H66 -> 85679032 | I68: =I65-I66 -> 1.6469317e+08
B71: FREE CASH FLOW
B72: Total Investment | E72: =-SUM(E33:E35) -> -272995000 | F72: =-SUM(F33:F34) -> 0 | G72: =-SUM(G33:G34) -> -200000000 | H72: =-SUM(H33:H34) -> 0 | I72: =-SUM(I33:I34) -> 0
B73: Free Cash Flow | E73: =E68+E72+E60 -> #VALUE! | F73: =F68+F72+F60 -> 24300825 | G73: =G68+G72+G60 -> -1.4514833e+08 | H73: =H68+H72+H60 -> 2.069447e+08 | I73: =I68+I72+I60 -> 2.8595884e+08
B74: Accumulated FCF | E74: =D74+E73 -> #VALUE! | F74: =E74+F73 -> #VALUE! | G74: =F74+G73 -> #VALUE! | H74: =G74+H73 -> #VALUE! | I74: =H74+I73 -> #VALUE!
B75: PBP | E75: =IF(AND(D74<0,E74>0),E30-(E74/E73),0) -> #VALUE! | F75: =IF(AND(E74<0,F74>0),F30-(F74/F73),0) -> #VALUE! | G75: =IF(AND(F74<0,G74>0),G30-(G74/G73),0) -> #VALUE! | H75: =IF(AND(G74<0,H74>0),H30-(H74/H73),0) -> #VALUE! | I75: =IF(AND(H74<0,I74>0),I30-(I74/I73),0) -> #VALUE!
B79: IRR | C79: =IRR(D73:I73) -> #VALUE!
B80: ROIC | C80: =AVERAGE(E68:I68)/C37 -> #VALUE!
B81: NPV | C81: =NPV(C22,D73:I73) -> #VALUE!
B82: EBITDA | C82: =C58 -> 0.2486181
B83: Payback | C83: =SUM(E75:I75) -> #VALUE!

Sheet PnL (A)
B1: PROJECTION
B2: Contract Term | C2: 5 | D2: year
B3: Total Room | C3: 360
D5: Growth | E5: 1 | F5: 2 | G5: 3 | H5: 4 | I5: 5
B6: Tenancy rate | E6: =Assumption!E7 -> 0.4 | F6: =Assumption!F7 -> 0.65 | G6: =Assumption!G7 -> 0.7 | H6: =Assumption!H7 -> 0.75 | I6: =Assumption!I7 -> 0.8
B7: Total Tenancy | E7: 300 | F7: 300 | G7: 300 | H7: 300 | I7: 300
B8: Total Occupancy | E8: =E7*E6 -> 120 | F8: =F7*F6 -> 195 | G8: =G7*G6 -> 210 | H8: =H7*H6 -> 225 | I8: =I7*I6 -> 240
B10: IBS's REVENUE PROJECTION | E10: =#REF!/12/E7/(1-#REF!) -> #REF! | F10: =#REF!/12/F7/(1-#REF!) -> #REF! | G10: =#REF!/12/G7/(1-#REF!) -> #REF! | H10: =#REF!/12/H7/(1-#REF!) -> #REF! | I10: =#REF!/12/I7/(1-#REF!) -> #REF!
B11: TOTAL REVENUE | C11: =SUM(E11:I11) -> 3433120000 | D11: IDR | E11: =Revenue!E25 -> 272160000 | F11: =Revenue!F25 -> 631240000 | G11: =Revenue!G25 -> 785670000 | H11: =Revenue!H25 -> 842460000 | I11: =Revenue!I25 -> 901590000
B14: P&L ANALYSIS
B15: Product | C15: Last Mile (FTTB Access)
B16: Conditions | C16: Deployment & Operation
B17: Name of Location
B19: Commercial Terms
B20: Contract Length (year) | C20: 5
B21: Total Contract Revenue
B22: Interest Rate Expense | C22: 0.1
B23: Internet Cost per month (IDR) | C23: 0
B24: Monthly EOS Cost (IDR) | C24: 0
B25: Capex (IDR) | C25: =500000*125 -> 62500000
B26: Share Cost Backbone (IDR) | C26: 0
B29: CAPEX SCHEDULE | C29: Year | E29: Year 1 | F29: Year 2 | G29: Year 3 | H29: Year 4 | I29: Year 5
C30: Year | E30: 1 | F30: 2 | G30: 3 | H30: 4 | I30: 5
C31: Month | E31: 12 | F31: 12 | G31: 12 | H31: 12 | I31: 12
B33: Home Connected - IKR | C33: 1000000 | D33: per unit/HC | E33: =$C$33*E8 -> 120000000 | F33: =$C$33*(F8-E8) -> 75000000 | G33: =$C$33*(G8-F8) -> 15000000 | H33: =$C$33*(H8-G8) -> 15000000 | I33: =$C$33*(I8-H8) -> 15000000
B34: GPON | E34: =$C$25 -> 62500000
B35: Tech Refresh | C35: 0.2 | E35: =C35*C25 -> 12500000
B37: TOTAL CAPEX | C37: =SUM(E37:I37) -> 315000000 | E37: =SUM(E33:E36) -> 195000000 | F37: =SUM(F33:F36) -> 75000000 | G37: =SUM(G33:G36) -> 15000000 | H37: =SUM(H33:H36) -> 15000000 | I37: =SUM(I33:I36) -> 15000000
B39: Depreciation calculation | C39: No. of year depreciated
B40: Year 1 | C40: 5 | E40: =E37/$C$40 -> 39000000 | F40: =E40 -> 39000000 | G40: =F40 -> 39000000 | H40: =G40 -> 39000000 | I40: =H40 -> 39000000
B41: Year 2 | C41: 4 | E41: 0 | F41: =F37/$C$41 -> 18750000 | G41: =F41 -> 18750000 | H41: =G41 -> 18750000 | I41: =H41 -> 18750000
B42: Year 3 | C42: 3 | E42: 0 | F42: 0 | G42: =G37/$C$42 -> 5000000 | H42: =G42 -> 5000000 | I42: =H42 -> 5000000
B43: Year 4 | C43: 2 | E43: 0 | F43: 0 | G43: 0 | H43: =H37/$C$43 -> 7500000 | I43: =H43 -> 7500000
B44: Year 5 | C44: 1 | E44: 0 | F44: 0 | G44: 0 | H44: 0 | I44: =I37/$C$44 -> 15000000
B45: Total Depreciation calculation | E45: =SUM(E40:E44) -> 39000000 | F45: =SUM(F40:F44) -> 57750000 | G45: =SUM(G40:G44) -> 62750000 | H45: =SUM(H40:H44) -> 70250000 | I45: =SUM(I40:I44) -> 85250000
B47: OPEX
B48: Rev Share to BM | C48: 0.25 | D48: of total revenues | E48: =$C$48*E11 -> 68040000 | F48: =$C$48*F11 -> 157810000 | G48: =$C$48*G11 -> 196417500 | H48: =$C$48*H11 -> 210615000 | I48: =$C$48*I11 -> 225397500
B49: EOS | C49: 15000000 | D49: Montly cost | E49: =$C$49*E31+C49 -> 195000000 | F49: =$C$49*F31+C49 -> 195000000 | G49: =$C$49*G31+C49 -> 195000000 | H49: =$C$49*H31+C49 -> 195000000 | I49: =$C$49*I31+C49 -> 195000000
B50: Fixed Operational Cost | C50: 0.1 | D50: of total revenues | E50: =$C$50*E11 -> 27216000 | F50: =$C$50*F11 -> 63124000 | G50: =$C$50*G11 -> 78567000 | H50: =$C$50*H11 -> 84246000 | I50: =$C$50*I11 -> 90159000
B51: Electricity | C51: 0.03 | D51: of total revenues | E51: =$C$51*E11 -> 8164800 | F51: =$C$51*F11 -> 18937200 | G51: =$C$51*G11 -> 23570100 | H51: =$C$51*H11 -> 25273800 | I51: =$C$51*I11 -> 27047700
B52: SG&A | C52: 0.04 | D52: of total revenues | E52: =$C$52*E11 -> 10886400 | F52: =$C$52*F11 -> 25249600 | G52: =$C$52*G11 -> 31426800 | H52: =$C$52*H11 -> 33698400 | I52: =$C$52*I11 -> 36063600
B53: BHP | C53: 0.0175 | D53: of total revenues | E53: =$C$53*E11 -> 4762800 | F53: =$C$53*F11 -> 11046700 | G53: =$C$53*G11 -> 13749225 | H53: =$C$53*H11 -> 14743050 | I53: =$C$53*I11 -> 15777825
B54: Total OPEX | C54: =SUM(E54:I54) -> 2476990000 | E54: =SUM(E48:E53) -> 314070000 | F54: =SUM(F48:F53) -> 471167500 | G54: =SUM(G48:G53) -> 538730625 | H54: =SUM(H48:H53) -> 563576250 | I54: =SUM(I48:I53) -> 589445625
B57: EBITDA | E57: =E11-E54 -> -41910000 | F57: =F11-F54 -> 160072500 | G57: =G11-G54 -> 246939375 | H57: =H11-H54 -> 278883750 | I57: =I11-I54 -> 312144375
B58: EBITDA Margin | E58: =E57/E11 -> -0.1539903 | F58: =F57/F11 -> 0.25358422 | G58: =G57/G11 -> 0.31430419 | H58: =H57/H11 -> 0.331035 | I58: =I57/I11 -> 0.34621544
B60: Depreciation cost | E60: =E45 -> 39000000 | F60: =F45 -> 57750000 | G60: =G45 -> 62750000 | H60: =H45 -> 70250000 | I60: =I45 -> 85250000
B62: EBIT | E62: =E57-E60 -> -80910000 | F62: =F57-F60 -> 102322500 | G62: =G57-G60 -> 184189375 | H62: =H57-H60 -> 208633750 | I62: =I57-I60 -> 226894375
B64: Interest Expense | E64: ='Parameter Interest'!B5 -> loan IBC | F64: ='Parameter Interest'!C5 -> 0 | G64: ='Parameter Interest'!D5 -> 36000000 | H64: ='Parameter Interest'!E5 -> 28800000 | I64: ='Parameter Interest'!F5 -> 21600000
B65: EBT | E65: =E62-E64 -> #VALUE! | F65: =F62-F64 -> 102322500 | G65: =G62-G64 -> 148189375 | H65: =H62-H64 -> 179833750 | I65: =I62-I64 -> 205294375
B66: Tax | C66: 0.02 | E66: =IF(E65<0,0,E65*$C$66) -> #VALUE! | F66: =IF(F65<0,0,F65*$C$66) -> 2046450 | G66: =IF(G65<0,0,G65*$C$66) -> 2963787.5 | H66: =IF(H65<0,0,H65*$C$66) -> 3596675 | I66: =IF(I65<0,0,I65*$C$66) -> 4105887.5
B68: Net income | E68: =E65-E66 -> #VALUE! | F68: =F65-F66 -> 100276050 | G68: =G65-G66 -> 1.4522559e+08 | H68: =H65-H66 -> 176237075 | I68: =I65-I66 -> 2.0118849e+08
B71: FREE CASH FLOW
B72: Total Investment | E72: =-SUM(E33:E34) -> -182500000 | F72: =-SUM(F33:F34) -> -75000000 | G72: =-SUM(G33:G34) -> -15000000 | H72: =-SUM(H33:H34) -> -15000000 | I72: =-SUM(I33:I34) -> -15000000
B73: Free Cash Flow | D73: =-C25 -> -62500000 | E73: =E68+E45 -> #VALUE! | F73: =F68+F45 -> 158026050 | G73: =G68+G45 -> 2.0797559e+08 | H73: =H68+H45 -> 246487075 | I73: =I68+I45 -> 2.8643849e+08
B74: Accumulated FCF | D74: =D73 -> -62500000 | E74: =D74+E73 -> #VALUE! | F74: =E74+F73 -> #VALUE! | G74: =F74+G73 -> #VALUE! | H74: =G74+H73 -> #VALUE! | I74: =H74+I73 -> #VALUE!
B75: PBP | E75: =IF(AND(D74<0,E74>0),E30-(E74/E73),0) -> #VALUE! | F75: =IF(AND(E74<0,F74>0),F30-(F74/F73),0) -> #VALUE! | G75: =IF(AND(F74<0,G74>0),G30-(G74/G73),0) -> #VALUE! | H75: =IF(AND(G74<0,H74>0),H30-(H74/H73),0) -> #VALUE! | I75: =IF(AND(H74<0,I74>0),I30-(I74/I73),0) -> #VALUE!
B79: IRR | C79: =IRR(D73:I73) -> #VALUE!
B80: ROIC | C80: =AVERAGE(E68:I68)/C25 -> #VALUE!
B81: NPV | C81: =NPV(C22,D73:I73) -> #VALUE!
B82: EBITDA | C82: =I58 -> 0.34621544
B83: Payback | C83: =SUM(E75:I75) -> #VALUE!

Sheet PnL (B)
B1: PROJECTION
B2: Contract Term | C2: 5 | D2: year
B3: Total Room | C3: 360
D5: Growth | E5: 1 | F5: 2 | G5: 3 | H5: 4 | I5: 5
B6: Tenancy rate | E6: =Assumption!E8 -> 0.6 | F6: =Assumption!F8 -> 0.7 | G6: =Assumption!G8 -> 0.72 | H6: =Assumption!H8 -> 0.77 | I6: =Assumption!I8 -> 0.8
B7: Total Tenancy | E7: =$C$3 -> 360 | F7: =$C$3 -> 360 | G7: =$C$3 -> 360 | H7: =$C$3 -> 360 | I7: =$C$3 -> 360
B8: Total Occupancy | E8: =E7*E6 -> 216 | F8: =F7*F6 -> 252 | G8: =G7*G6 -> 259.2 | H8: =H7*H6 -> 277.2 | I8: =I7*I6 -> 288
B10: IBS's REVENUE PROJECTION | E10: =#REF!/12/E7/(1-#REF!) -> #REF! | F10: =#REF!/12/F7/(1-#REF!) -> #REF! | G10: =#REF!/12/G7/(1-#REF!) -> #REF! | H10: =#REF!/12/H7/(1-#REF!) -> #REF! | I10: =#REF!/12/I7/(1-#REF!) -> #REF!
B11: TOTAL REVENUE | C11: =SUM(E11:I11) -> 3766620000 | D11: IDR | E11: =Revenue!E33 -> 406860000 | F11: =Revenue!F33 -> 761490000 | G11: =Revenue!G33 -> 822560000 | H11: =Revenue!H33 -> 865460000 | I11: =Revenue!I33 -> 910250000
B14: P&L ANALYSIS
B15: Product | C15: Last Mile (FTTB Access)
B16: Conditions | C16: Deployment & Operation
B17: Name of Location
B19: Commercial Terms
B20: Contract Length (year) | C20: 5
B21: Total Contract Revenue
B22: Interest Rate Expense | C22: 0.1
B23: Internet Cost per month (IDR) | C23: 0
B24: Monthly EOS Cost (IDR) | C24: 0
B25: Capex (IDR) | C25: =500000*147 -> 73500000
B26: Share Cost Backbone (IDR) | C26: 0
B29: CAPEX SCHEDULE | C29: Year | E29: Year 1 | F29: Year 2 | G29: Year 3 | H29: Year 4 | I29: Year 5
C30: Year | E30: 1 | F30: 2 | G30: 3 | H30: 4 | I30: 5
C31: Month | E31: 12 | F31: 12 | G31: 12 | H31: 12 | I31: 12
B33: Home Connected - IKR | C33: 1000000 | D33: per unit/HC | E33: =$C$33*E8 -> 216000000 | F33: =$C$33*(F8-E8) -> 36000000 | G33: =$C$33*(G8-F8) -> 7200000 | H33: =$C$33*(H8-G8) -> 18000000 | I33: =$C$33*(I8-H8) -> 10800000
B34: GPON | E34: =$C$25 -> 73500000
B35: Tech Refresh | C35: 0.2 | E35: =C35*C25 -> 14700000
B37: TOTAL CAPEX | C37: =SUM(E37:I37) -> 376200000 | E37: =SUM(E33:E36) -> 304200000 | F37: =SUM(F33:F36) -> 36000000 | G37: =SUM(G33:G36) -> 7200000 | H37: =SUM(H33:H36) -> 18000000 | I37: =SUM(I33:I36) -> 10800000
B39: Depreciation calculation | C39: No. of year depreciated
B40: Year 1 | C40: 5 | E40: =E37/$C$40 -> 60840000 | F40: =E40 -> 60840000 | G40: =F40 -> 60840000 | H40: =G40 -> 60840000 | I40: =H40 -> 60840000
B41: Year 2 | C41: 4 | E41: 0 | F41: =F37/$C$41 -> 9000000 | G41: =F41 -> 9000000 | H41: =G41 -> 9000000 | I41: =H41 -> 9000000
B42: Year 3 | C42: 3 | E42: 0 | F42: 0 | G42: =G37/$C$42 -> 2400000 | H42: =G42 -> 2400000 | I42: =H42 -> 2400000
B43: Year 4 | C43: 2 | E43: 0 | F43: 0 | G43: 0 | H43: =H37/$C$43 -> 9000000 | I43: =H43 -> 9000000
B44: Year 5 | C44: 1 | E44: 0 | F44: 0 | G44: 0 | H44: 0 | I44: =I37/$C$44 -> 10800000
B45: Total Depreciation calculation | E45: =SUM(E40:E44) -> 60840000 | F45: =SUM(F40:F44) -> 69840000 | G45: =SUM(G40:G44) -> 72240000 | H45: =SUM(H40:H44) -> 81240000 | I45: =SUM(I40:I44) -> 92040000
B47: OPEX
B48: Rev Share to BM | C48: 0.25 | D48: of total revenues | E48: =$C$48*E11 -> 101715000 | F48: =$C$48*F11 -> 190372500 | G48: =$C$48*G11 -> 205640000 | H48: =$C$48*H11 -> 216365000 | I48: =$C$48*I11 -> 227562500
B49: EOS | C49: 15000000 | D49: Montly cost | E49: =$C$49*E31+C49 -> 195000000 | F49: =$C$49*F31+C49 -> 195000000 | G49: =$C$49*G31+C49 -> 195000000 | H49: =$C$49*H31+C49 -> 195000000 | I49: =$C$49*I31+C49 -> 195000000
B50: Fixed Operational Cost | C50: 0.1 | D50: of total revenues | E50: =$C$50*E11 -> 40686000 | F50: =$C$50*F11 -> 76149000 | G50: =$C$50*G11 -> 82256000 | H50: =$C$50*H11 -> 86546000 | I50: =$C$50*I11 -> 91025000
B51: Electricity | C51: 0.03 | D51: of total revenues | E51: =$C$51*E11 -> 12205800 | F51: =$C$51*F11 -> 22844700 | G51: =$C$51*G11 -> 24676800 | H51: =$C$51*H11 -> 25963800 | I51: =$C$51*I11 -> 27307500
B52: SG&A | C52: 0.04 | D52: of total revenues | E52: =$C$52*E11 -> 16274400 | F52: =$C$52*F11 -> 30459600 | G52: =$C$52*G11 -> 32902400 | H52: =$C$52*H11 -> 34618400 | I52: =$C$52*I11 -> 36410000
B53: BHP | C53: 0.0175 | D53: of total revenues | E53: =$C$53*E11 -> 7120050 | F53: =$C$53*F11 -> 13326075 | G53: =$C$53*G11 -> 14394800 | H53: =$C$53*H11 -> 15145550 | I53: =$C$53*I11 -> 15929375
B54: Total OPEX | C54: =SUM(E54:I54) -> 2622896250 | E54: =SUM(E48:E53) -> 373001250 | F54: =SUM(F48:F53) -> 528151875 | G54: =SUM(G48:G53) -> 554870000 | H54: =SUM(H48:H53) -> 573638750 | I54: =SUM(I48:I53) -> 593234375
B57: EBITDA | E57: =E11-E54 -> 33858750 | F57: =F11-F54 -> 233338125 | G57: =G11-G54 -> 267690000 | H57: =H11-H54 -> 291821250 | I57: =I11-I54 -> 317015625
B58: EBITDA Margin | E58: =E57/E11 -> 0.083219658 | F58: =F57/F11 -> 0.3064231 | G58: =G57/G11 -> 0.32543523 | H58: =H57/H11 -> 0.33718629 | I58: =I57/I11 -> 0.34827314
B60: Depreciation cost | E60: =E45 -> 60840000 | F60: =F45 -> 69840000 | G60: =G45 -> 72240000 | H60: =H45 -> 81240000 | I60: =I45 -> 92040000
B62: EBIT | E62: =E57-E60 -> -26981250 | F62: =F57-F60 -> 163498125 | G62: =G57-G60 -> 195450000 | H62: =H57-H60 -> 210581250 | I62: =I57-I60 -> 224975625
B64: Interest Expense | E64: ='Parameter Interest'!B5 -> loan IBC | F64: ='Parameter Interest'!C5 -> 0 | G64: ='Parameter Interest'!D5 -> 36000000 | H64: ='Parameter Interest'!E5 -> 28800000 | I64: ='Parameter Interest'!F5 -> 21600000
B65: EBT | E65: =E62-E64 -> #VALUE! | F65: =F62-F64 -> 163498125 | G65: =G62-G64 -> 159450000 | H65: =H62-H64 -> 181781250 | I65: =I62-I64 -> 203375625
B66: Tax | C66: 0.02 | E66: =IF(E65<0,0,E65*$C$66) -> #VALUE! | F66: =IF(F65<0,0,F65*$C$66) -> 3269962.5 | G66: =IF(G65<0,0,G65*$C$66) -> 3189000 | H66: =IF(H65<0,0,H65*$C$66) -> 3635625 | I66: =IF(I65<0,0,I65*$C$66) -> 4067512.5
B68: Net income | E68: =E65-E66 -> #VALUE! | F68: =F65-F66 -> 1.6022816e+08 | G68: =G65-G66 -> 156261000 | H68: =H65-H66 -> 178145625 | I68: =I65-I66 -> 1.9930811e+08
B71: FREE CASH FLOW
B72: Total Investment | E72: =-SUM(E33:E34) -> -289500000 | F72: =-SUM(F33:F34) -> -36000000 | G72: =-SUM(G33:G34) -> -7200000 | H72: =-SUM(H33:H34) -> -18000000 | I72: =-SUM(I33:I34) -> -10800000
B73: Free Cash Flow | D73: =-C25 -> -73500000 | E73: =E68+E45 -> #VALUE! | F73: =F68+F45 -> 2.3006816e+08 | G73: =G68+G45 -> 228501000 | H73: =H68+H45 -> 259385625 | I73: =I68+I45 -> 2.9134811e+08
B74: Accumulated FCF | D74: =D73 -> -73500000 | E74: =D74+E73 -> #VALUE! | F74: =E74+F73 -> #VALUE! | G74: =F74+G73 -> #VALUE! | H74: =G74+H73 -> #VALUE! | I74: =H74+I73 -> #VALUE!
B75: PBP | E75: =IF(AND(D74<0,E74>0),E30-(E74/E73),0) -> #VALUE! | F75: =IF(AND(E74<0,F74>0),F30-(F74/F73),0) -> #VALUE! | G75: =IF(AND(F74<0,G74>0),G30-(G74/G73),0) -> #VALUE! | H75: =IF(AND(G74<0,H74>0),H30-(H74/H73),0) -> #VALUE! | I75: =IF(AND(H74<0,I74>0),I30-(I74/I73),0) -> #VALUE!
B79: IRR | C79: =IRR(D73:I73) -> #VALUE!
B80: ROIC | C80: =AVERAGE(E68:I68)/C25 -> #VALUE!
B81: NPV | C81: =NPV(C22,D73:I73) -> #VALUE!
B82: EBITDA | C82: =I58 -> 0.34827314
B83: Payback | C83: =SUM(E75:I75) -> #VALUE!

Sheet PnL (C)
B1: PROJECTION
B2: Contract Term | C2: 5 | D2: year
B3: Total Room | C3: 360
D5: Growth | E5: 1 | F5: 2 | G5: 3 | H5: 4 | I5: 5
B6: Tenancy rate | E6: =Assumption!E9 -> 0.22 | F6: =Assumption!F9 -> 0.34 | G6: =Assumption!G9 -> 0.48 | H6: =Assumption!H9 -> 0.62 | I6: =Assumption!I9 -> 0.7
B7: Total Tenancy | E7: =$C$3 -> 360 | F7: =$C$3 -> 360 | G7: =$C$3 -> 360 | H7: =$C$3 -> 360 | I7: =$C$3 -> 360
B8: Total Occupancy | E8: =E7*E6 -> 79.2 | F8: =F7*F6 -> 122.4 | G8: =G7*G6 -> 172.8 | H8: =H7*H6 -> 223.2 | I8: =I7*I6 -> 252
B10: IBS's REVENUE PROJECTION | E10: =#REF!/12/E7/(1-#REF!) -> #REF! | F10: =#REF!/12/F7/(1-#REF!) -> #REF! | G10: =#REF!/12/G7/(1-#REF!) -> #REF! | H10: =#REF!/12/H7/(1-#REF!) -> #REF! | I10: =#REF!/12/I7/(1-#REF!) -> #REF!
B11: TOTAL REVENUE | C11: =SUM(E11:I11) -> 2387810000 | D11: IDR | E11: =Revenue!E41 -> 146740000 | F11: =Revenue!F41 -> 334230000 | G11: =Revenue!G41 -> 486570000 | H11: =Revenue!H41 -> 649200000 | I11: =Revenue!I41 -> 771070000
B14: P&L ANALYSIS
B15: Product | C15: Last Mile (FTTB Access)
B16: Conditions | C16: Deployment & Operation
B17: Name of Location
B19: Commercial Terms
B20: Contract Length (year) | C20: 5
B21: Total Contract Revenue
B22: Interest Rate Expense | C22: 0.1
B23: Internet Cost per month (IDR) | C23: 0
B24: Monthly EOS Cost (IDR) | C24: 0
B25: Capex (IDR) | C25: =500000*147 -> 73500000
B26: Share Cost Backbone (IDR) | C26: 0
B29: CAPEX SCHEDULE | C29: Year | E29: Year 1 | F29: Year 2 | G29: Year 3 | H29: Year 4 | I29: Year 5
C30: Year | E30: 1 | F30: 2 | G30: 3 | H30: 4 | I30: 5
C31: Month | E31: 12 | F31: 12 | G31: 12 | H31: 12 | I31: 12
B33: Home Connected - IKR | C33: 1000000 | D33: per unit/HC | E33: =$C$33*147 -> 147000000
B34: GPON | E34: =$C$25 -> 73500000
B35: Tech Refresh | C35: 0.17 | E35: =C35*C25 -> 12495000
B37: TOTAL CAPEX | C37: =SUM(E37:I37) -> 232995000 | E37: =SUM(E33:E36) -> 232995000 | F37: =SUM(F33:F36) -> 0 | G37: =SUM(G33:G36) -> 0 | H37: =SUM(H33:H36) -> 0 | I37: =SUM(I33:I36) -> 0
B39: Depreciation calculation | C39: No. of year depreciated
B40: Year 1 | C40: 5 | E40: =E37/$C$40 -> 46599000 | F40: =E40 -> 46599000 | G40: =F40 -> 46599000 | H40: =G40 -> 46599000 | I40: =H40 -> 46599000
B41: Year 2 | C41: 4 | E41: 0 | F41: =F37/$C$41 -> 0 | G41: =F41 -> 0 | H41: =G41 -> 0 | I41: =H41 -> 0
B42: Year 3 | C42: 3 | E42: 0 | F42: 0 | G42: =G37/$C$42 -> 0 | H42: =G42 -> 0 | I42: =H42 -> 0
B43: Year 4 | C43: 2 | E43: 0 | F43: 0 | G43: 0 | H43: =H37/$C$43 -> 0 | I43: =H43 -> 0
B44: Year 5 | C44: 1 | E44: 0 | F44: 0 | G44: 0 | H44: 0 | I44: =I37/$C$44 -> 0
B45: Total Depreciation calculation | E45: =SUM(E40:E44) -> 46599000 | F45: =SUM(F40:F44) -> 46599000 | G45: =SUM(G40:G44) -> 46599000 | H45: =SUM(H40:H44) -> 46599000 | I45: =SUM(I40:I44) -> 46599000
B47: OPEX
B48: Rev Share to BM | C48: 0.25 | D48: of total revenues | E48: =$C$48*E11 -> 36685000 | F48: =$C$48*F11 -> 83557500 | G48: =$C$48*G11 -> 121642500 | H48: =$C$48*H11 -> 162300000 | I48: =$C$48*I11 -> 192767500
B49: EOS | C49: 15000000 | D49: Montly cost | E49: =$C$49*E31+C49 -> 195000000 | F49: =$C$49*F31+C49 -> 195000000 | G49: =$C$49*G31+C49 -> 195000000 | H49: =$C$49*H31+C49 -> 195000000 | I49: =$C$49*I31+C49 -> 195000000
B50: Fixed Operational Cost | C50: 0.1 | D50: of total revenues | E50: =$C$50*E11 -> 14674000 | F50: =$C$50*F11 -> 33423000 | G50: =$C$50*G11 -> 48657000 | H50: =$C$50*H11 -> 64920000 | I50: =$C$50*I11 -> 77107000
B51: Electricity | C51: 0.03 | D51: of total revenues | E51: =$C$51*E11 -> 4402200 | F51: =$C$51*F11 -> 10026900 | G51: =$C$51*G11 -> 14597100 | H51: =$C$51*H11 -> 19476000 | I51: =$C$51*I11 -> 23132100
B52: SG&A | C52: 0.04 | D52: of total revenues | E52: =$C$52*E11 -> 5869600 | F52: =$C$52*F11 -> 13369200 | G52: =$C$52*G11 -> 19462800 | H52: =$C$52*H11 -> 25968000 | I52: =$C$52*I11 -> 30842800
B53: BHP | C53: 0.0175 | D53: of total revenues | E53: =$C$53*E11 -> 2567950 | F53: =$C$53*F11 -> 5849025 | G53: =$C$53*G11 -> 8514975 | H53: =$C$53*H11 -> 11361000 | I53: =$C$53*I11 -> 13493725
B54: Total OPEX | C54: =SUM(E54:I54) -> 2019666875 | E54: =SUM(E48:E53) -> 259198750 | F54: =SUM(F48:F53) -> 341225625 | G54: =SUM(G48:G53) -> 407874375 | H54: =SUM(H48:H53) -> 479025000 | I54: =SUM(I48:I53) -> 532343125
B57: EBITDA | E57: =E11-E54 -> -112458750 | F57: =F11-F54 -> -6995625 | G57: =G11-G54 -> 78695625 | H57: =H11-H54 -> 170175000 | I57: =I11-I54 -> 238726875
B58: EBITDA Margin | E58: =E57/E11 -> -0.76638101 | F58: =F57/F11 -> -0.020930572 | G58: =G57/G11 -> 0.16173546 | H58: =H57/H11 -> 0.26213031 | I58: =I57/I11 -> 0.30960467
B60: Depreciation cost | E60: =E45 -> 46599000 | F60: =F45 -> 46599000 | G60: =G45 -> 46599000 | H60: =H45 -> 46599000 | I60: =I45 -> 46599000
B62: EBIT | E62: =E57-E60 -> -159057750 | F62: =F57-F60 -> -53594625 | G62: =G57-G60 -> 32096625 | H62: =H57-H60 -> 123576000 | I62: =I57-I60 -> 192127875
B64: Interest Expense | E64: ='Parameter Interest'!B5 -> loan IBC | F64: ='Parameter Interest'!C5 -> 0 | G64: ='Parameter Interest'!D5 -> 36000000 | H64: ='Parameter Interest'!E5 -> 28800000 | I64: ='Parameter Interest'!F5 -> 21600000
B65: EBT | E65: =E62-E64 -> #VALUE! | F65: =F62-F64 -> -53594625 | G65: =G62-G64 -> -3903375 | H65: =H62-H64 -> 94776000 | I65: =I62-I64 -> 170527875
B66: Tax | C66: 0.02 | E66: =IF(E65<0,0,E65*$C$66) -> #VALUE! | F66: =IF(F65<0,0,F65*$C$66) -> 0 | G66: =IF(G65<0,0,G65*$C$66) -> 0 | H66: =IF(H65<0,0,H65*$C$66) -> 1895520 | I66: =IF(I65<0,0,I65*$C$66) -> 3410557.5
B68: Net income | E68: =E65-E66 -> #VALUE! | F68: =F65-F66 -> -53594625 | G68: =G65-G66 -> -3903375 | H68: =H65-H66 -> 92880480 | I68: =I65-I66 -> 1.6711732e+08
B71: FREE CASH FLOW
B72: Total Investment | E72: =-SUM(E33:E34) -> -220500000 | F72: =-SUM(F33:F34) -> 0 | G72: =-SUM(G33:G34) -> 0 | H72: =-SUM(H33:H34) -> 0 | I72: =-SUM(I33:I34) -> 0
B73: Free Cash Flow | D73: =-C25 -> -73500000 | E73: =E68+E45 -> #VALUE! | F73: =F68+F45 -> -6995625 | G73: =G68+G45 -> 42695625 | H73: =H68+H45 -> 139479480 | I73: =I68+I45 -> 2.1371632e+08
B74: Accumulated FCF | D74: =D73 -> -73500000 | E74: =D74+E73 -> #VALUE! | F74: =E74+F73 -> #VALUE! | G74: =F74+G73 -> #VALUE! | H74: =G74+H73 -> #VALUE! | I74: =H74+I73 -> #VALUE!
B75: PBP | E75: =IF(AND(D74<0,E74>0),E30-(E74/E73),0) -> #VALUE! | F75: =IF(AND(E74<0,F74>0),F30-(F74/F73),0) -> #VALUE! | G75: =IF(AND(F74<0,G74>0),G30-(G74/G73),0) -> #VALUE! | H75: =IF(AND(G74<0,H74>0),H30-(H74/H73),0) -> #VALUE! | I75: =IF(AND(H74<0,I74>0),I30-(I74/I73),0) -> #VALUE!
B79: IRR | C79: =IRR(D73:I73) -> #VALUE!
B80: ROIC | C80: =AVERAGE(E68:I68)/C25 -> #VALUE!
B81: NPV | C81: =NPV(C22,D73:I73) -> #VALUE!
B82: EBITDA | C82: =I58 -> 0.30960467
B83: Payback | C83: =SUM(E75:I75) -> #VALUE!

Sheet Parameter Interest
A1: Capex tahun | B1: 5 | C1: 2024 | D1: =C1+1 -> 2025 | E1: =D1+1 -> 2026 | F1: =E1+1 -> 2027 | G1: =F1+1 -> 2028 | H1: =G1+1 -> 2029 | I1: =H1+1 -> 2030 | J1: =I1+1 -> 2031 | K1: =J1+1 -> 2032 | ... R1: =Q1+1 -> 2039
A2: 2024 | B2: loan IBC | C2: =IRR!H17 -> 66000000 | D2: =C2-C3 -> 52800000 | E2: =D2-C3 -> 39600000 | F2: =E2-C3 -> 26400000 | G2: =F2-C3 -> 13200000 | H2: =G2-$C$3 -> 0 | T2: 2013 | U2: 1.7266708e+09
B3: Installment/thn | C3: =C2/B1 -> 13200000 | T3: 2014 | U3: 422342499
B4: Interest | C4: =(($C$2*IRR!$F$4*6)/12) -> 3300000 | D4: =AVERAGE(C2:D2)*IRR!$F$4 -> 5940000 | E4: =AVERAGE(D2:E2)*IRR!$F$4 -> 4620000 | F4: =AVERAGE(E2:F2)*IRR!$F$4 -> 3300000 | G4: =AVERAGE(F2:G2)*IRR!$F$4 -> 1980000 | H4: =AVERAGE(G2:H2)*IRR!$F$4 -> 660000 | I4: =AVERAGE(H2:I2)*IRR!$F$4 -> 0 | T4: 2016 | U4: 10773000
A5: 2025 | B5: loan IBC | D5: =IRR!I17 -> 36000000 | E5: =D5-D6 -> 28800000 | F5: =E5-D6 -> 21600000 | G5: =F5-D6 -> 14400000 | H5: =G5-D6 -> 7200000 | I5: =H5-D6 -> 0 | T5: 2017 | U5: 102210600
B6: Installment/thn | D6: =D5/B1 -> 7200000
B7: Interest | D7: =(($D$5*IRR!$F$4*6)/12) -> 1800000 | E7: =AVERAGE(D5:E5)*IRR!$F$4 -> 3240000 | F7: =AVERAGE(E5:F5)*IRR!$F$4 -> 2520000 | G7: =AVERAGE(F5:G5)*IRR!$F$4 -> 1800000 | H7: =AVERAGE(G5:H5)*IRR!$F$4 -> 1080000 | I7: =AVERAGE(H5:I5)*IRR!$F$4 -> 360000 | J7: =AVERAGE(I5:J5)*IRR!$F$4 -> 0
A8: 2026 | B8: loan IBC | E8: =IRR!J17 -> 242000000 | F8: =E8-E9 -> 193600000 | G8: =F8-E9 -> 145200000 | H8: =G8-E9 -> 96800000 | I8: =H8-E9 -> 48400000 | J8: =I8-E9 -> 0
B9: Installment/thn | E9: =E8/B1 -> 48400000
B10: Interest | E10: =(($E$8*IRR!$F$4*6)/12) -> 12100000 | F10: =AVERAGE(E8:F8)*IRR!$F$4 -> 21780000 | G10: =AVERAGE(F8:G8)*IRR!$F$4 -> 16940000 | H10: =AVERAGE(G8:H8)*IRR!$F$4 -> 12100000 | I10: =AVERAGE(H8:I8)*IRR!$F$4 -> 7260000 | J10: =AVERAGE(I8:J8)*IRR!$F$4 -> 2420000 | K10: =AVERAGE(J8:K8)*IRR!$F$4 -> 0
A11: 2027 | B11: loan IBC | F11: =IRR!K17 -> 42000000 | G11: =F11-$F$12 -> 33600000 | H11: =G11-$F$12 -> 25200000 | I11: =H11-$F$12 -> 16800000 | J11: =I11-$F$12 -> 8400000 | K11: =J11-$F$12 -> 0
B12: Installment/thn | F12: =F11/B1 -> 8400000
B13: Interest | F13: =(($F$11*IRR!$F$4*6)/12) -> 2100000 | G13: =AVERAGE(F11:G11)*IRR!$F$4 -> 3780000 | H13: =AVERAGE(G11:H11)*IRR!$F$4 -> 2940000 | I13: =AVERAGE(H11:I11)*IRR!$F$4 -> 2100000 | J13: =AVERAGE(I11:J11)*IRR!$F$4 -> 1260000 | K13: =AVERAGE(J11:K11)*IRR!$F$4 -> 420000 | L13: =AVERAGE(K11:L11)*IRR!$F$4 -> 0
A14: 2028 | B14: loan IBC | G14: =IRR!L17 -> 24000000 | H14: =G14-$G$15 -> 19200000 | I14: =H14-$G$15 -> 14400000 | J14: =I14-$G$15 -> 9600000 | K14: =J14-$G$15 -> 4800000 | L14: =K14-$G$15 -> 0
B15: Installment/thn | G15: =G14/B1 -> 4800000
B16: Interest | G16: =(($G$14*IRR!$F$4*6)/12) -> 1200000 | H16: =AVERAGE(G14:H14)*IRR!$F$4 -> 2160000 | I16: =AVERAGE(H14:I14)*IRR!$F$4 -> 1680000 | J16: =AVERAGE(I14:J14)*IRR!$F$4 -> 1200000 | K16: =AVERAGE(J14:K14)*IRR!$F$4 -> 720000 | L16: =AVERAGE(K14:L14)*IRR!$F$4 -> 240000 | M16: =AVERAGE(L14:M14)*IRR!$F$4 -> 0
B18: Interest Exp | C18: =C10+C7+C4+C13+C16 -> 3300000 | D18: =D10+D7+D4+D13+D16 -> 7740000 | E18: =E10+E7+E4+E13+E16 -> 19960000 | F18: =F10+F7+F4+F13+F16 -> 29700000 | G18: =G10+G7+G4+G13+G16 -> 25700000 | H18: =H10+H7+H4+H13+H16 -> 18940000 | I18: =I10+I7+I4+I13+I16 -> 11400000 | J18: =J10+J7+J4+J13+J16 -> 4880000 | ... L18: =L10+L7+L4+L13+L16 -> 240000 | M18: =M10+M7+M4 -> 0 | N18: =N10+N7+N4 -> 0 | O18: =#REF!+#REF!+#REF!+#REF!+O10+O7+R4+#REF!+#REF!+#REF!+#REF! -> #REF! | P18: =#REF!+#REF!+#REF!+#REF!+P10+P7+S4+#REF!+#REF!+#REF!+#REF! -> #REF! | Q18: =#REF!+#REF!+#REF!+#REF!+Q10+Q7+T4+#REF!+#REF!+#REF!+#REF! -> #REF! | R18: =R10+R7+R4 -> 0
F27: person | G27: trip | H27: kamar | I27: Days by Omni | J27: Biaya walktest inhouse/visit | K27: Biaya walktest inhouse/thn
E28: Diisikan | F28: 1 | G28: 1 | H28: 1 | I28: =157+58 -> 215
B29: Transport | C29: Pesawat | D29: =C46 -> 3500000 | E29: person | F29: =F28 -> 1 | J29: =F29*D29 -> 3500000
C30: Bandara | D30: 600000 | E30: person | F30: =F28 -> 1 | I30: =IF($I$27<=120,2,IF($I$27>220,4,3)) -> 4 | J30: =D30*F30 -> 600000
C31: Transport | D31: 200000 | E31: Trip | G31: =G28 -> 1 | J31: =G31*D31 -> 200000
B32: Hotel | C32: Hotel | D32: 450000 | E32: kamar | F32: =F28 -> 1 | H32: =H28 -> 1 | I32: =IF($I$27<=120,2,IF($I$27>220,4,3)) -> 4 | J32: =H32*D32*I32 -> 1800000
B33: Uang Saku | C33: Uang Saku | D33: 120000 | E33: person | F33: =F28 -> 1 | I33: =IF($I$27<=120,2,IF($I$27>220,4,3)) -> 4 | J33: =I33*D33*F33 -> 480000
J34: =SUM(J29:J33) -> 6580000 | K34: =J34*4 -> 26320000
B38: PM/Year/Site | C38: Pesawat | E38: Asumsi:
A39: Sulut | B39: 16800000 | C39: 4000000 | E39: Walktest 4x dalam setahun semua operator sekaligus
A40: Makasar | C40: 3000000 | E40: Walktest pertama oleh vendor | I40: 10000000
A41: Bali | B41: 15600000 | C41: 2500000 | E41: Walktest pertama oleh vendor | H41: Pekanbaru | I41: 12000000
A42: Jatim | B42: 15000000 | C42: 2000000 | E42: Walktest pertama oleh vendor | H42: Sumut | I42: 14000000
A43: Jateng | B43: 15000000 | C43: 1850000 | E43: Walktest pertama oleh vendor | H43: Sulsel | I43: 14000000
A44: Jabar | B44: 12000000 | C44: 1200000 | E44: Walktest pertama oleh vendor | H44: Sulut | I44: 17000000
A45: Kalimantan | B45: 16800000 | C45: 2000000 | E45: Walktest pertama oleh vendor | H45: Kalimantan | I45: 14000000
A46: Sumatera | B46: 15720000 | C46: 3500000
A47: Palembang | C47: 2800000
A48: Jabodetabek | B48: 0 | C48: 0 | D48: Inhouse
B50: CM /Year/Oprt
B51: 7000000
A53: LISTRIK
A54: Listrik/Oprt/year DAS+1Pole 3sektor
A55: 0-100 | B55: 36000000
A56: 101-200 | B56: 42000000
A57: 201- | B57: 48000000
A59: Listrik/Oprt/year DAS+2Pole 6sektor
A60: 0-200 | B60: 75000000
A61: 201- | B61: 95000000
A65: SG&A | B65: 20000000 | C65: =B65+C66 -> 20400000 | D65: =C65+D67 -> 20808000 | E65: =D65+E67 -> 21224160 | F65: =E65+F67 -> 21648643 | G65: =F65+G67 -> 22081616 | H65: =G65+H67 -> 22523248 | I65: =H65+I67 -> 22973713 | J65: =I65+J67 -> 23433188 | K65: =J65+K67 -> 24604847
A66: 0.02 | C66: =C67 -> 400000 | D66: =D67+C66 -> 808000 | E66: =E67+D66 -> 1224160 | F66: =F67+E66 -> 1648643.2 | G66: =G67+F66 -> 2081616.1 | H66: =H67+G66 -> 2523248.4 | I66: =I67+H66 -> 2973713.4 | J66: =J67+I66 -> 3433187.6 | K66: 9754628.4
C67: =$A$66*B65 -> 400000 | D67: =$A$66*C65 -> 408000 | E67: =$A$66*D65 -> 416160 | F67: =$A$66*E65 -> 424483.2 | G67: =$A$66*F65 -> 432972.86 | H67: =$A$66*G65 -> 441632.32 | I67: =$A$66*H65 -> 450464.97 | J67: =$A$66*I65 -> 459474.27 | K67: 1171659.4

Sheet Assumption
B2: REVENUE | L2: COST
B3: No | C3: Parameter | E3: Assumption | L3: No | M3: Parameter | O3: Assumption
B4: 1 | C4: LW Kota Wisata | E4: SOHO | F4: 1 | G4: Dedicated | H4: 0 | L4: 1 | M4: CAPEX | O4: One time cost, based on BOQ (attached)
B5: 2 | E5: Subs Growth (% of total tenants) | L5: 2 | M5: Electricity | O5: OLT, per year:
C6: Skenario | E6: Y1 | F6: Y2 | G6: Y3 | H6: Y4 | I6: Y5 | L6: 3 | M6: Maintenance | O6: % of CAPEX per year, including for EOS: | R6: 0.05
C7: A achievable target | E7: 0.4 | F7: 0.65 | G7: 0.7 | H7: 0.75 | I7: 0.8 | L7: 4 | M7: Revenue share to BM | O7: % of collected IBS Revenue: | R7: 0.05
C8: B stretch target | E8: 0.6 | F8: 0.7 | G8: 0.72 | H8: 0.77 | I8: 0.8 | L8: 5 | M8: Engineers on call | O8: cost included in 5% of capex of maintenance cost
C9: C low target | E9: 0.22 | F9: 0.34 | G9: 0.48 | H9: 0.62 | I9: 0.7 | L9: 6 | M9: Coordination Fee | O9: % of CAPEX, One time | R9: 0
B10: 3 | C10: Product Pricing of ISP (Incl STB) | E10: SOHO | F10: Dist | G10: Price (IDR) | H10: Dedicated | I10: Dist | J10: Price (IDR)
E11: 30 Mbps | F11: 0.65 | G11: 750000 | L11: Other
E12: 50 Mbps | F12: 0.25 | G12: 850000
E13: 100 Mbps | F13: 0.2 | G13: 1100000 | L13: No | M13: Parameter | N13: Assumption
L14: 1 | M14: Bank loan interest rate | N14: 0.125
B15: 4 | C15: Installation charge (One Time) | E15: Broadband: | F15: 500000 | H15: SOHO: | I15: 0 | L15: 2 | M15: Deposit interest rate | N15: 0.06
B16: 5 | C16: Monthly subscriber growth | E16: Linear, calculated by total yearly target subscriber / # of months
B17: 6 | C17: Revenue share | E17: based on PKS (see attachment): | H17: 0.5 | L17: REMARK COLOR | Q17: =E20*E7 -> 0.28
B18: 7 | C18: ISP Partner | E18: Mora, Varnion | H18: 0.5 | M18: DEFAULT VALUES | Q18: =E20*E8 -> 0.42
B19: 8 | C19: IPL (67 TV Channel and 1 Mbps (Upto) | F19: per resident/month | M19: INPUT VALUES | Q19: =E20*E9 -> 0.154
B20: 9 | C20: Target Subscriber | E20: 0.7
B21: 10 | C21: Total Unit | E21: 300 | G21: Target Subs | H21: =ROUNDDOWN(E20*I7*E21,0) -> 168
I22: SUBCRIBER BASE
B23: Skenario | C23: Month 1 | F23: Month 2 | I23: Month 3 | L23: Month 4 | O23: Month 5 | R23: Month 6 | U23: Month 7
C24: Percentage | D24: SOHO | E24: Dedicated | F24: Percentage | G24: SOHO | H24: Dedicated | I24: Percentage | J24: SOHO | K24: Dedicated | L24: Percentage | M24: SOHO | N24: Dedicated | O24: Percentage | P24: SOHO | Q24: Dedicated | R24: Percentage | S24: SOHO | T24: Dedicated | U24: Percentage | V24: SOHO | W24: Dedicated
C25: Year 1
B26: A | C26: =F26-($O$49/12) -> 0.033333333 | D26: =ROUNDDOWN(C26*$F$4*$E$21*$E$20,0) -> 7 | E26: =ROUNDDOWN(C26*$H$4*$E$21*$E$20,0) -> 0 | F26: =I26-($O$49/12) -> 0.066666667 | G26: =ROUNDDOWN(F26*$F$4*$E$21*$E$20,0) -> 14 | H26: =ROUNDDOWN(F26*$H$4*$E$21*$E$20,0) -> 0 | I26: =L26-($O$49/12) -> 0.1 | J26: =ROUNDDOWN(I26*$F$4*$E$21*$E$20,0) -> 21 | K26: =ROUNDDOWN(I26*$H$4*$E$21*$E$20,0) -> 0 | L26: =O26-($O$49/12) -> 0.13333333 | M26: =ROUNDDOWN(L26*$F$4*$E$21*$E$20,0) -> 28 | N26: =ROUNDDOWN(L26*$H$4*$E$21*$E$20,0) -> 0 | O26: =R26-($O$49/12) -> 0.16666667 | P26: =ROUNDDOWN(O26*$F$4*$E$21*$E$20,0) -> 35 | Q26: =ROUNDDOWN(O26*$H$4*$E$21*$E$20,0) -> 0 | R26: =U26-($O$49/12) -> 0.2 | S26: =ROUNDDOWN(R26*$F$4*$E$21*$E$20,0) -> 42 | T26: =ROUNDDOWN(R26*$H$4*$E$21*$E$20,0) -> 0 | U26: =C49-($O$49/12) -> 0.23333333 | V26: =ROUNDDOWN(U26*$F$4*$E$21*$E$20,0) -> 49 | W26: =ROUNDDOWN(U26*$H$4*$E$21*$E$20,0) -> 0
B27: B | C27: =F27-($O$50/12) -> 0.05 | D27: =ROUNDDOWN(C27*$F$4*$E$21*$E$20,0) -> 10 | E27: =ROUNDDOWN(C27*$H$4*$E$21*$E$20,0) -> 0 | F27: =I27-($O$50/12) -> 0.1 | G27: =ROUNDDOWN(F27*$F$4*$E$21*$E$20,0) -> 21 | H27: =ROUNDDOWN(F27*$H$4*$E$21*$E$20,0) -> 0 | I27: =L27-($O$50/12) -> 0.15 | J27: =ROUNDDOWN(I27*$F$4*$E$21*$E$20,0) -> 31 | K27: =ROUNDDOWN(I27*$H$4*$E$21*$E$20,0) -> 0 | L27: =O27-($O$50/12) -> 0.2 | M27: =ROUNDDOWN(L27*$F$4*$E$21*$E$20,0) -> 42 | N27: =ROUNDDOWN(L27*$H$4*$E$21*$E$20,0) -> 0 | O27: =R27-($O$50/12) -> 0.25 | P27: =ROUNDDOWN(O27*$F$4*$E$21*$E$20,0) -> 52 | Q27: =ROUNDDOWN(O27*$H$4*$E$21*$E$20,0) -> 0 | R27: =U27-($O$50/12) -> 0.3 | S27: =ROUNDDOWN(R27*$F$4*$E$21*$E$20,0) -> 63 | T27: =ROUNDDOWN(R27*$H$4*$E$21*$E$20,0) -> 0 | U27: =C50-($O$50/12) -> 0.35 | V27: =ROUNDDOWN(U27*$F$4*$E$21*$E$20,0) -> 73 | W27: =ROUNDDOWN(U27*$H$4*$E$21*$E$20,0) -> 0
B28: C | C28: =F28-($O$51/12) -> 0.018333333 | D28: =ROUNDDOWN(C28*$F$4*$E$21*$E$20,0) -> 3 | E28: =ROUNDDOWN(C28*$H$4*$E$21*$E$20,0) -> 0 | F28: =I28-($O$51/12) -> 0.036666667 | G28: =ROUNDDOWN(F28*$F$4*$E$21*$E$20,0) -> 7 | H28: =ROUNDDOWN(F28*$H$4*$E$21*$E$20,0) -> 0 | I28: =L28-($O$51/12) -> 0.055 | J28: =ROUNDDOWN(I28*$F$4*$E$21*$E$20,0) -> 11 | K28: =ROUNDDOWN(I28*$H$4*$E$21*$E$20,0) -> 0 | L28: =O28-($O$51/12) -> 0.073333333 | M28: =ROUNDDOWN(L28*$F$4*$E$21*$E$20,0) -> 15 | N28: =ROUNDDOWN(L28*$H$4*$E$21*$E$20,0) -> 0 | O28: =R28-($O$51/12) -> 0.091666667 | P28: =ROUNDDOWN(O28*$F$4*$E$21*$E$20,0) -> 19 | Q28: =ROUNDDOWN(O28*$H$4*$E$21*$E$20,0) -> 0 | R28: =U28-($O$51/12) -> 0.11 | S28: =ROUNDDOWN(R28*$F$4*$E$21*$E$20,0) -> 23 | T28: =ROUNDDOWN(R28*$H$4*$E$21*$E$20,0) -> 0 | U28: =C51-($O$51/12) -> 0.12833333 | V28: =ROUNDDOWN(U28*$F$4*$E$21*$E$20,0) -> 26 | W28: =ROUNDDOWN(U28*$H$4*$E$21*$E$20,0) -> 0
C29: Year 2
B30: A | C30: =F30-(($O$53-$O$49)/12) -> 0.42083333 | D30: =ROUNDDOWN(C30*$F$4*$E$21*$E$20,0) -> 88 | E30: =ROUNDDOWN(C30*$H$4*$E$21*$E$20,0) -> 0 | F30: =I30-(($O$53-$O$49)/12) -> 0.44166667 | G30: =ROUNDDOWN(F30*$F$4*$E$21*$E$20,0) -> 92 | H30: =ROUNDDOWN(F30*$H$4*$E$21*$E$20,0) -> 0 | I30: =L30-(($O$53-$O$49)/12) -> 0.4625 | J30: =ROUNDDOWN(I30*$F$4*$E$21*$E$20,0) -> 97 | K30: =ROUNDDOWN(I30*$H$4*$E$21*$E$20,0) -> 0 | L30: =O30-(($O$53-$O$49)/12) -> 0.48333333 | M30: =ROUNDDOWN(L30*$F$4*$E$21*$E$20,0) -> 101 | N30: =ROUNDDOWN(L30*$H$4*$E$21*$E$20,0) -> 0 | O30: =R30-(($O$53-$O$49)/12) -> 0.50416667 | P30: =ROUNDDOWN(O30*$F$4*$E$21*$E$20,0) -> 105 | Q30: =ROUNDDOWN(O30*$H$4*$E$21*$E$20,0) -> 0 | R30: =U30-(($O$53-$O$49)/12) -> 0.525 | S30: =ROUNDDOWN(R30*$F$4*$E$21*$E$20,0) -> 110 | T30: =ROUNDDOWN(R30*$H$4*$E$21*$E$20,0) -> 0 | U30: =C53-(($O$53-$O$49)/12) -> 0.54583333 | V30: =ROUNDDOWN(U30*$F$4*$E$21*$E$20,0) -> 114 | W30: =ROUNDDOWN(U30*$H$4*$E$21*$E$20,0) -> 0
B31: B | C31: =F31-(($O$54-$O$50)/12) -> 0.60833333 | D31: =ROUNDDOWN(C31*$F$4*$E$21*$E$20,0) -> 127 | E31: =ROUNDDOWN(C31*$H$4*$E$21*$E$20,0) -> 0 | F31: =I31-(($O$54-$O$50)/12) -> 0.61666667 | G31: =ROUNDDOWN(F31*$F$4*$E$21*$E$20,0) -> 129 | H31: =ROUNDDOWN(F31*$H$4*$E$21*$E$20,0) -> 0 | I31: =L31-(($O$54-$O$50)/12) -> 0.625 | J31: =ROUNDDOWN(I31*$F$4*$E$21*$E$20,0) -> 131 | K31: =ROUNDDOWN(I31*$H$4*$E$21*$E$20,0) -> 0 | L31: =O31-(($O$54-$O$50)/12) -> 0.63333333 | M31: =ROUNDDOWN(L31*$F$4*$E$21*$E$20,0) -> 133 | N31: =ROUNDDOWN(L31*$H$4*$E$21*$E$20,0) -> 0 | O31: =R31-(($O$54-$O$50)/12) -> 0.64166667 | P31: =ROUNDDOWN(O31*$F$4*$E$21*$E$20,0) -> 134 | Q31: =ROUNDDOWN(O31*$H$4*$E$21*$E$20,0) -> 0 | R31: =U31-(($O$54-$O$50)/12) -> 0.65 | S31: =ROUNDDOWN(R31*$F$4*$E$21*$E$20,0) -> 136 | T31: =ROUNDDOWN(R31*$H$4*$E$21*$E$20,0) -> 0 | U31: =C54-(($O$54-$O$50)/12) -> 0.65833333 | V31: =ROUNDDOWN(U31*$F$4*$E$21*$E$20,0) -> 138 | W31: =ROUNDDOWN(U31*$H$4*$E$21*$E$20,0) -> 0
B32: C | C32: =F32-(($O$55-$O$51)/12) -> 0.23 | D32: =ROUNDDOWN(C32*$F$4*$E$21*$E$20,0) -> 48 | E32: =ROUNDDOWN(C32*$H$4*$E$21*$E$20,0) -> 0 | F32: =I32-(($O$55-$O$51)/12) -> 0.24 | G32: =ROUNDDOWN(F32*$F$4*$E$21*$E$20,0) -> 50 | H32: =ROUNDDOWN(F32*$H$4*$E$21*$E$20,0) -> 0 | I32: =L32-(($O$55-$O$51)/12) -> 0.25 | J32: =ROUNDDOWN(I32*$F$4*$E$21*$E$20,0) -> 52 | K32: =ROUNDDOWN(I32*$H$4*$E$21*$E$20,0) -> 0 | L32: =O32-(($O$55-$O$51)/12) -> 0.26 | M32: =ROUNDDOWN(L32*$F$4*$E$21*$E$20,0) -> 54 | N32: =ROUNDDOWN(L32*$H$4*$E$21*$E$20,0) -> 0 | O32: =R32-(($O$55-$O$51)/12) -> 0.27 | P32: =ROUNDDOWN(O32*$F$4*$E$21*$E$20,0) -> 56 | Q32: =ROUNDDOWN(O32*$H$4*$E$21*$E$20,0) -> 0 | R32: =U32-(($O$55-$O$51)/12) -> 0.28 | S32: =ROUNDDOWN(R32*$F$4*$E$21*$E$20,0) -> 58 | T32: =ROUNDDOWN(R32*$H$4*$E$21*$E$20,0) -> 0 | U32: =C55-(($O$55-$O$51)/12) -> 0.29 | V32: =ROUNDDOWN(U32*$F$4*$E$21*$E$20,0) -> 60 | W32: =ROUNDDOWN(U32*$H$4*$E$21*$E$20,0) -> 0
C33: Year 3
B34: A | C34: =F34-($O$57-$O$53)/12 -> 0.65416667 | D34: =ROUNDDOWN(C34*$F$4*$E$21*$E$20,0) -> 137 | E34: =ROUNDDOWN(C34*$H$4*$E$21*$E$20,0) -> 0 | F34: =I34-($O$57-$O$53)/12 -> 0.65833333 | G34: =ROUNDDOWN(F34*$F$4*$E$21*$E$20,0) -> 138 | H34: =ROUNDDOWN(F34*$H$4*$E$21*$E$20,0) -> 0 | I34: =L34-($O$57-$O$53)/12 -> 0.6625 | J34: =ROUNDDOWN(I34*$F$4*$E$21*$E$20,0) -> 139 | K34: =ROUNDDOWN(I34*$H$4*$E$21*$E$20,0) -> 0 | L34: =O34-($O$57-$O$53)/12 -> 0.66666667 | M34: =ROUNDDOWN(L34*$F$4*$E$21*$E$20,0) -> 140 | N34: =ROUNDDOWN(L34*$H$4*$E$21*$E$20,0) -> 0 | O34: =R34-($O$57-$O$53)/12 -> 0.67083333 | P34: =ROUNDDOWN(O34*$F$4*$E$21*$E$20,0) -> 140 | Q34: =ROUNDDOWN(O34*$H$4*$E$21*$E$20,0) -> 0 | R34: =U34-($O$57-$O$53)/12 -> 0.675 | S34: =ROUNDDOWN(R34*$F$4*$E$21*$E$20,0) -> 141 | T34: =ROUNDDOWN(R34*$H$4*$E$21*$E$20,0) -> 0 | U34: =C57-($O$57-$O$53)/12 -> 0.67916667 | V34: =ROUNDDOWN(U34*$F$4*$E$21*$E$20,0) -> 142 | W34: =ROUNDDOWN(U34*$H$4*$E$21*$E$20,0) -> 0
B35: B | C35: =F35-($O$58-$O$54)/12 -> 0.70166667 | D35: =ROUNDDOWN(C35*$F$4*$E$21*$E$20,0) -> 147 | E35: =ROUNDDOWN(C35*$H$4*$E$21*$E$20,0) -> 0 | F35: =I35-($O$58-$O$54)/12 -> 0.70333333 | G35: =ROUNDDOWN(F35*$F$4*$E$21*$E$20,0) -> 147 | H35: =ROUNDDOWN(F35*$H$4*$E$21*$E$20,0) -> 0 | I35: =L35-($O$58-$O$54)/12 -> 0.705 | J35: =ROUNDDOWN(I35*$F$4*$E$21*$E$20,0) -> 148 | K35: =ROUNDDOWN(I35*$H$4*$E$21*$E$20,0) -> 0 | L35: =O35-($O$58-$O$54)/12 -> 0.70666667 | M35: =ROUNDDOWN(L35*$F$4*$E$21*$E$20,0) -> 148 | N35: =ROUNDDOWN(L35*$H$4*$E$21*$E$20,0) -> 0 | O35: =R35-($O$58-$O$54)/12 -> 0.70833333 | P35: =ROUNDDOWN(O35*$F$4*$E$21*$E$20,0) -> 148 | Q35: =ROUNDDOWN(O35*$H$4*$E$21*$E$20,0) -> 0 | R35: =U35-($O$58-$O$54)/12 -> 0.71 | S35: =ROUNDDOWN(R35*$F$4*$E$21*$E$20,0) -> 149 | T35: =ROUNDDOWN(R35*$H$4*$E$21*$E$20,0) -> 0 | U35: =C58-($O$58-$O$54)/12 -> 0.71166667 | V35: =ROUNDDOWN(U35*$F$4*$E$21*$E$20,0) -> 149 | W35: =ROUNDDOWN(U35*$H$4*$E$21*$E$20,0) -> 0
B36: C | C36: =F36-($O$59-$O$55)/12 -> 0.35166667 | D36: =ROUNDDOWN(C36*$F$4*$E$21*$E$20,0) -> 73 | E36: =ROUNDDOWN(C36*$H$4*$E$21*$E$20,0) -> 0 | F36: =I36-($O$59-$O$55)/12 -> 0.36333333 | G36: =ROUNDDOWN(F36*$F$4*$E$21*$E$20,0) -> 76 | H36: =ROUNDDOWN(F36*$H$4*$E$21*$E$20,0) -> 0 | I36: =L36-($O$59-$O$55)/12 -> 0.375 | J36: =ROUNDDOWN(I36*$F$4*$E$21*$E$20,0) -> 78 | K36: =ROUNDDOWN(I36*$H$4*$E$21*$E$20,0) -> 0 | L36: =O36-($O$59-$O$55)/12 -> 0.38666667 | M36: =ROUNDDOWN(L36*$F$4*$E$21*$E$20,0) -> 81 | N36: =ROUNDDOWN(L36*$H$4*$E$21*$E$20,0) -> 0 | O36: =R36-($O$59-$O$55)/12 -> 0.39833333 | P36: =ROUNDDOWN(O36*$F$4*$E$21*$E$20,0) -> 83 | Q36: =ROUNDDOWN(O36*$H$4*$E$21*$E$20,0) -> 0 | R36: =U36-($O$59-$O$55)/12 -> 0.41 | S36: =ROUNDDOWN(R36*$F$4*$E$21*$E$20,0) -> 86 | T36: =ROUNDDOWN(R36*$H$4*$E$21*$E$20,0) -> 0 | U36: =C59-($O$59-$O$55)/12 -> 0.42166667 | V36: =ROUNDDOWN(U36*$F$4*$E$21*$E$20,0) -> 88 | W36: =ROUNDDOWN(U36*$H$4*$E$21*$E$20,0) -> 0
C37: Year 4
B38: A | C38: =F38-($O$61-$O$57)/12 -> 0.70416667 | D38: =ROUNDDOWN(C38*$F$4*$E$21*$E$20,0) -> 147 | E38: =ROUNDDOWN(C38*$H$4*$E$21*$E$20,0) -> 0 | F38: =I38-($O$61-$O$57)/12 -> 0.70833333 | G38: =ROUNDDOWN(F38*$F$4*$E$21*$E$20,0) -> 148 | H38: =ROUNDDOWN(F38*$H$4*$E$21*$E$20,0) -> 0 | I38: =L38-($O$61-$O$57)/12 -> 0.7125 | J38: =ROUNDDOWN(I38*$F$4*$E$21*$E$20,0) -> 149 | K38: =ROUNDDOWN(I38*$H$4*$E$21*$E$20,0) -> 0 | L38: =O38-($O$61-$O$57)/12 -> 0.71666667 | M38: =ROUNDDOWN(L38*$F$4*$E$21*$E$20,0) -> 150 | N38: =ROUNDDOWN(L38*$H$4*$E$21*$E$20,0) -> 0 | O38: =R38-($O$61-$O$57)/12 -> 0.72083333 | P38: =ROUNDDOWN(O38*$F$4*$E$21*$E$20,0) -> 151 | Q38: =ROUNDDOWN(O38*$H$4*$E$21*$E$20,0) -> 0 | R38: =U38-($O$61-$O$57)/12 -> 0.725 | S38: =ROUNDDOWN(R38*$F$4*$E$21*$E$20,0) -> 152 | T38: =ROUNDDOWN(R38*$H$4*$E$21*$E$20,0) -> 0 | U38: =C61-($O$61-$O$57)/12 -> 0.72916667 | V38: =ROUNDDOWN(U38*$F$4*$E$21*$E$20,0) -> 153 | W38: =ROUNDDOWN(U38*$H$4*$E$21*$E$20,0) -> 0
B39: B | C39: =F39-($O$62-$O$58)/12 -> 0.72416667 | D39: =ROUNDDOWN(C39*$F$4*$E$21*$E$20,0) -> 152 | E39: =ROUNDDOWN(C39*$H$4*$E$21*$E$20,0) -> 0 | F39: =I39-($O$62-$O$58)/12 -> 0.72833333 | G39: =ROUNDDOWN(F39*$F$4*$E$21*$E$20,0) -> 152 | H39: =ROUNDDOWN(F39*$H$4*$E$21*$E$20,0) -> 0 | I39: =L39-($O$62-$O$58)/12 -> 0.7325 | J39: =ROUNDDOWN(I39*$F$4*$E$21*$E$20,0) -> 153 | K39: =ROUNDDOWN(I39*$H$4*$E$21*$E$20,0) -> 0 | L39: =O39-($O$62-$O$58)/12 -> 0.73666667 | M39: =ROUNDDOWN(L39*$F$4*$E$21*$E$20,0) -> 154 | N39: =ROUNDDOWN(L39*$H$4*$E$21*$E$20,0) -> 0 | O39: =R39-($O$62-$O$58)/12 -> 0.74083333 | P39: =ROUNDDOWN(O39*$F$4*$E$21*$E$20,0) -> 155 | Q39: =ROUNDDOWN(O39*$H$4*$E$21*$E$20,0) -> 0 | R39: =U39-($O$62-$O$58)/12 -> 0.745 | S39: =ROUNDDOWN(R39*$F$4*$E$21*$E$20,0) -> 156 | T39: =ROUNDDOWN(R39*$H$4*$E$21*$E$20,0) -> 0 | U39: =C62-($O$62-$O$58)/12 -> 0.74916667 | V39: =ROUNDDOWN(U39*$F$4*$E$21*$E$20,0) -> 157 | W39: =ROUNDDOWN(U39*$H$4*$E$21*$E$20,0) -> 0
B40: C | C40: =F40-($O$63-$O$59)/12 -> 0.49166667 | D40: =ROUNDDOWN(C40*$F$4*$E$21*$E$20,0) -> 103 | E40: =ROUNDDOWN(C40*$H$4*$E$21*$E$20,0) -> 0 | F40: =I40-($O$63-$O$59)/12 -> 0.50333333 | G40: =ROUNDDOWN(F40*$F$4*$E$21*$E$20,0) -> 105 | H40: =ROUNDDOWN(F40*$H$4*$E$21*$E$20,0) -> 0 | I40: =L40-($O$63-$O$59)/12 -> 0.515 | J40: =ROUNDDOWN(I40*$F$4*$E$21*$E$20,0) -> 108 | K40: =ROUNDDOWN(I40*$H$4*$E$21*$E$20,0) -> 0 | L40: =O40-($O$63-$O$59)/12 -> 0.52666667 | M40: =ROUNDDOWN(L40*$F$4*$E$21*$E$20,0) -> 110 | N40: =ROUNDDOWN(L40*$H$4*$E$21*$E$20,0) -> 0 | O40: =R40-($O$63-$O$59)/12 -> 0.53833333 | P40: =ROUNDDOWN(O40*$F$4*$E$21*$E$20,0) -> 113 | Q40: =ROUNDDOWN(O40*$H$4*$E$21*$E$20,0) -> 0 | R40: =U40-($O$63-$O$59)/12 -> 0.55 | S40: =ROUNDDOWN(R40*$F$4*$E$21*$E$20,0) -> 115 | T40: =ROUNDDOWN(R40*$H$4*$E$21*$E$20,0) -> 0 | U40: =C63-($O$63-$O$59)/12 -> 0.56166667 | V40: =ROUNDDOWN(U40*$F$4*$E$21*$E$20,0) -> 117 | W40: =ROUNDDOWN(U40*$H$4*$E$21*$E$20,0) -> 0
C41: Year 5
B42: A | C42: =F42-($O$65-$O$61)/12 -> 0.75416667 | D42: =ROUNDDOWN(C42*$F$4*$E$21*$E$20,0) -> 158 | E42: =ROUNDDOWN(C42*$H$4*$E$21*$E$20,0) -> 0 | F42: =I42-($O$65-$O$61)/12 -> 0.75833333 | G42: =ROUNDDOWN(F42*$F$4*$E$21*$E$20,0) -> 159 | H42: =ROUNDDOWN(F42*$H$4*$E$21*$E$20,0) -> 0 | I42: =L42-($O$65-$O$61)/12 -> 0.7625 | J42: =ROUNDDOWN(I42*$F$4*$E$21*$E$20,0) -> 160 | K42: =ROUNDDOWN(I42*$H$4*$E$21*$E$20,0) -> 0 | L42: =O42-($O$65-$O$61)/12 -> 0.76666667 | M42: =ROUNDDOWN(L42*$F$4*$E$21*$E$20,0) -> 161 | N42: =ROUNDDOWN(L42*$H$4*$E$21*$E$20,0) -> 0 | O42: =R42-($O$65-$O$61)/12 -> 0.77083333 | P42: =ROUNDDOWN(O42*$F$4*$E$21*$E$20,0) -> 161 | Q42: =ROUNDDOWN(O42*$H$4*$E$21*$E$20,0) -> 0 | R42: =U42-($O$65-$O$61)/12 -> 0.775 | S42: =ROUNDDOWN(R42*$F$4*$E$21*$E$20,0) -> 162 | T42: =ROUNDDOWN(R42*$H$4*$E$21*$E$20,0) -> 0 | U42: =C65-($O$65-$O$61)/12 -> 0.77916667 | V42: =ROUNDDOWN(U42*$F$4*$E$21*$E$20,0) -> 163 | W42: =ROUNDDOWN(U42*$H$4*$E$21*$E$20,0) -> 0
B43: B | C43: =F43-($O$66-$O$62)/12 -> 0.7725 | D43: =ROUNDDOWN(C43*$F$4*$E$21*$E$20,0) -> 162 | E43: =ROUNDDOWN(C43*$H$4*$E$21*$E$20,0) -> 0 | F43: =I43-($O$66-$O$62)/12 -> 0.775 | G43: =ROUNDDOWN(F43*$F$4*$E$21*$E$20,0) -> 162 | H43: =ROUNDDOWN(F43*$H$4*$E$21*$E$20,0) -> 0 | I43: =L43-($O$66-$O$62)/12 -> 0.7775 | J43: =ROUNDDOWN(I43*$F$4*$E$21*$E$20,0) -> 163 | K43: =ROUNDDOWN(I43*$H$4*$E$21*$E$20,0) -> 0 | L43: =O43-($O$66-$O$62)/12 -> 0.78 | M43: =ROUNDDOWN(L43*$F$4*$E$21*$E$20,0) -> 163 | N43: =ROUNDDOWN(L43*$H$4*$E$21*$E$20,0) -> 0 | O43: =R43-($O$66-$O$62)/12 -> 0.7825 | P43: =ROUNDDOWN(O43*$F$4*$E$21*$E$20,0) -> 164 | Q43: =ROUNDDOWN(O43*$H$4*$E$21*$E$20,0) -> 0 | R43: =U43-($O$66-$O$62)/12 -> 0.785 | S43: =ROUNDDOWN(R43*$F$4*$E$21*$E$20,0) -> 164 | T43: =ROUNDDOWN(R43*$H$4*$E$21*$E$20,0) -> 0 | U43: =C66-($O$66-$O$62)/12 -> 0.7875 | V43: =ROUNDDOWN(U43*$F$4*$E$21*$E$20,0) -> 165 | W43: =ROUNDDOWN(U43*$H$4*$E$21*$E$20,0) -> 0
B44: C | C44: =F44-($O$67-$O$63)/12 -> 0.62666667 | D44: =ROUNDDOWN(C44*$F$4*$E$21*$E$20,0) -> 131 | E44: =ROUNDDOWN(C44*$H$4*$E$21*$E$20,0) -> 0 | F44: =I44-($O$67-$O$63)/12 -> 0.63333333 | G44: =ROUNDDOWN(F44*$F$4*$E$21*$E$20,0) -> 133 | H44: =ROUNDDOWN(F44*$H$4*$E$21*$E$20,0) -> 0 | I44: =L44-($O$67-$O$63)/12 -> 0.64 | J44: =ROUNDDOWN(I44*$F$4*$E$21*$E$20,0) -> 134 | K44: =ROUNDDOWN(I44*$H$4*$E$21*$E$20,0) -> 0 | L44: =O44-($O$67-$O$63)/12 -> 0.64666667 | M44: =ROUNDDOWN(L44*$F$4*$E$21*$E$20,0) -> 135 | N44: =ROUNDDOWN(L44*$H$4*$E$21*$E$20,0) -> 0 | O44: =R44-($O$67-$O$63)/12 -> 0.65333333 | P44: =ROUNDDOWN(O44*$F$4*$E$21*$E$20,0) -> 137 | Q44: =ROUNDDOWN(O44*$H$4*$E$21*$E$20,0) -> 0 | R44: =U44-($O$67-$O$63)/12 -> 0.66 | S44: =ROUNDDOWN(R44*$F$4*$E$21*$E$20,0) -> 138 | T44: =ROUNDDOWN(R44*$H$4*$E$21*$E$20,0) -> 0 | U44: =C67-($O$67-$O$63)/12 -> 0.66666667 | V44: =ROUNDDOWN(U44*$F$4*$E$21*$E$20,0) -> 140 | W44: =ROUNDDOWN(U44*$H$4*$E$21*$E$20,0) -> 0
B46: Skenario | C46: Month 8 | F46: Month 9 | I46: Month 10 | L46: Month 11 | O46: Month 12 | R46: Yearly Change
C47: Percentage | D47: SOHO | E47: Dedicated | F47: Percentage | G47: SOHO | H47: Dedicated | I47: Percentage | J47: SOHO | K47: Dedicated | L47: Percentage | M47: SOHO | N47: Dedicated | O47: Percentage | P47: SOHO | Q47: Dedicated | R47: SOHO | S47: Dedicated
C48: Year 1
B49: A | C49: =F49-($O$49/12) -> 0.26666667 | D49: =ROUNDDOWN(C49*$F$4*$E$21*$E$20,0) -> 56 | E49: =ROUNDDOWN(C49*$H$4*$E$21*$E$20,0) -> 0 | F49: =I49-($O$49/12) -> 0.3 | G49: =ROUNDDOWN(F49*$F$4*$E$21*$E$20,0) -> 63 | H49: =ROUNDDOWN(F49*$H$4*$E$21*$E$20,0) -> 0 | I49: =L49-($O$49/12) -> 0.33333333 | J49: =ROUNDDOWN(I49*$F$4*$E$21*$E$20,0) -> 70 | K49: =ROUNDDOWN(I49*$H$4*$E$21*$E$20,0) -> 0 | L49: =O49-($O$49/12) -> 0.36666667 | M49: =ROUNDDOWN(L49*$F$4*$E$21*$E$20,0) -> 77 | N49: =ROUNDDOWN(L49*$H$4*$E$21*$E$20,0) -> 0 | O49: =E7 -> 0.4 | P49: =ROUNDDOWN(O49*$F$4*$E$21*$E$20,0) -> 84 | Q49: =ROUNDDOWN(O49*$H$4*$E$21*$E$20,0) -> 0 | R49: =P49 -> 84 | S49: =Q49 -> 0 | U49: =R49/360 -> 0.23333333
B50: B | C50: =F50-($O$50/12) -> 0.4 | D50: =ROUNDDOWN(C50*$F$4*$E$21*$E$20,0) -> 84 | E50: =ROUNDDOWN(C50*$H$4*$E$21*$E$20,0) -> 0 | F50: =I50-($O$50/12) -> 0.45 | G50: =ROUNDDOWN(F50*$F$4*$E$21*$E$20,0) -> 94 | H50: =ROUNDDOWN(F50*$H$4*$E$21*$E$20,0) -> 0 | I50: =L50-($O$50/12) -> 0.5 | J50: =ROUNDDOWN(I50*$F$4*$E$21*$E$20,0) -> 105 | K50: =ROUNDDOWN(I50*$H$4*$E$21*$E$20,0) -> 0 | L50: =O50-($O$50/12) -> 0.55 | M50: =ROUNDDOWN(L50*$F$4*$E$21*$E$20,0) -> 115 | N50: =ROUNDDOWN(L50*$H$4*$E$21*$E$20,0) -> 0 | O50: =E8 -> 0.6 | P50: =ROUNDDOWN(O50*$F$4*$E$21*$E$20,0) -> 126 | Q50: =ROUNDDOWN(O50*$H$4*$E$21*$E$20,0) -> 0 | R50: =P50 -> 126 | S50: =Q50 -> 0 | U50: =R49+R53+R57+R61+R65 -> 168
B51: C | C51: =F51-($O$51/12) -> 0.14666667 | D51: =ROUNDDOWN(C51*$F$4*$E$21*$E$20,0) -> 30 | E51: =ROUNDDOWN(C51*$H$4*$E$21*$E$20,0) -> 0 | F51: =I51-($O$51/12) -> 0.165 | G51: =ROUNDDOWN(F51*$F$4*$E$21*$E$20,0) -> 34 | H51: =ROUNDDOWN(F51*$H$4*$E$21*$E$20,0) -> 0 | I51: =L51-($O$51/12) -> 0.18333333 | J51: =ROUNDDOWN(I51*$F$4*$E$21*$E$20,0) -> 38 | K51: =ROUNDDOWN(I51*$H$4*$E$21*$E$20,0) -> 0 | L51: =O51-($O$51/12) -> 0.20166667 | M51: =ROUNDDOWN(L51*$F$4*$E$21*$E$20,0) -> 42 | N51: =ROUNDDOWN(L51*$H$4*$E$21*$E$20,0) -> 0 | O51: =E9 -> 0.22 | P51: =ROUNDDOWN(O51*$F$4*$E$21*$E$20,0) -> 46 | Q51: =ROUNDDOWN(O51*$H$4*$E$21*$E$20,0) -> 0 | R51: =P51 -> 46 | S51: =Q51 -> 0 | U51: =S49+S53+S57+S61+S65 -> 0
C52: Year 2
B53: A | C53: =F53-(($O$53-$O$49)/12) -> 0.56666667 | D53: =ROUNDDOWN(C53*$F$4*$E$21*$E$20,0) -> 119 | E53: =ROUNDDOWN(C53*$H$4*$E$21*$E$20,0) -> 0 | F53: =I53-(($O$53-$O$49)/12) -> 0.5875 | G53: =ROUNDDOWN(F53*$F$4*$E$21*$E$20,0) -> 123 | H53: =ROUNDDOWN(F53*$H$4*$E$21*$E$20,0) -> 0 | I53: =L53-(($O$53-$O$49)/12) -> 0.60833333 | J53: =ROUNDDOWN(I53*$F$4*$E$21*$E$20,0) -> 127 | K53: =ROUNDDOWN(I53*$H$4*$E$21*$E$20,0) -> 0 | L53: =O53-(($O$53-$O$49)/12) -> 0.62916667 | M53: =ROUNDDOWN(L53*$F$4*$E$21*$E$20,0) -> 132 | N53: =ROUNDDOWN(L53*$H$4*$E$21*$E$20,0) -> 0 | O53: =F7 -> 0.65 | P53: =ROUNDDOWN(O53*$F$4*$E$21*$E$20,0) -> 136 | Q53: =ROUNDDOWN(O53*$H$4*$E$21*$E$20,0) -> 0 | R53: =P53-P49 -> 52 | S53: =Q53-Q49 -> 0
B54: B | C54: =F54-(($O$54-$O$50)/12) -> 0.66666667 | D54: =ROUNDDOWN(C54*$F$4*$E$21*$E$20,0) -> 140 | E54: =ROUNDDOWN(C54*$H$4*$E$21*$E$20,0) -> 0 | F54: =I54-(($O$54-$O$50)/12) -> 0.675 | G54: =ROUNDDOWN(F54*$F$4*$E$21*$E$20,0) -> 141 | H54: =ROUNDDOWN(F54*$H$4*$E$21*$E$20,0) -> 0 | I54: =L54-(($O$54-$O$50)/12) -> 0.68333333 | J54: =ROUNDDOWN(I54*$F$4*$E$21*$E$20,0) -> 143 | K54: =ROUNDDOWN(I54*$H$4*$E$21*$E$20,0) -> 0 | L54: =O54-(($O$54-$O$50)/12) -> 0.69166667 | M54: =ROUNDDOWN(L54*$F$4*$E$21*$E$20,0) -> 145 | N54: =ROUNDDOWN(L54*$H$4*$E$21*$E$20,0) -> 0 | O54: =F8 -> 0.7 | P54: =ROUNDDOWN(O54*$F$4*$E$21*$E$20,0) -> 147 | Q54: =ROUNDDOWN(O54*$H$4*$E$21*$E$20,0) -> 0 | R54: =P54-P50 -> 21 | S54: =Q54-Q50 -> 0
B55: C | C55: =F55-(($O$55-$O$51)/12) -> 0.3 | D55: =ROUNDDOWN(C55*$F$4*$E$21*$E$20,0) -> 63 | E55: =ROUNDDOWN(C55*$H$4*$E$21*$E$20,0) -> 0 | F55: =I55-(($O$55-$O$51)/12) -> 0.31 | G55: =ROUNDDOWN(F55*$F$4*$E$21*$E$20,0) -> 65 | H55: =ROUNDDOWN(F55*$H$4*$E$21*$E$20,0) -> 0 | I55: =L55-(($O$55-$O$51)/12) -> 0.32 | J55: =ROUNDDOWN(I55*$F$4*$E$21*$E$20,0) -> 67 | K55: =ROUNDDOWN(I55*$H$4*$E$21*$E$20,0) -> 0 | L55: =O55-(($O$55-$O$51)/12) -> 0.33 | M55: =ROUNDDOWN(L55*$F$4*$E$21*$E$20,0) -> 69 | N55: =ROUNDDOWN(L55*$H$4*$E$21*$E$20,0) -> 0 | O55: =F9 -> 0.34 | P55: =ROUNDDOWN(O55*$F$4*$E$21*$E$20,0) -> 71 | Q55: =ROUNDDOWN(O55*$H$4*$E$21*$E$20,0) -> 0 | R55: =P55-P51 -> 25 | S55: =Q55-Q51 -> 0
C56: Year 3
B57: A | C57: =F57-($O$57-$O$53)/12 -> 0.68333333 | D57: =ROUNDDOWN(C57*$F$4*$E$21*$E$20,0) -> 143 | E57: =ROUNDDOWN(C57*$H$4*$E$21*$E$20,0) -> 0 | F57: =I57-($O$57-$O$53)/12 -> 0.6875 | G57: =ROUNDDOWN(F57*$F$4*$E$21*$E$20,0) -> 144 | H57: =ROUNDDOWN(F57*$H$4*$E$21*$E$20,0) -> 0 | I57: =L57-($O$57-$O$53)/12 -> 0.69166667 | J57: =ROUNDDOWN(I57*$F$4*$E$21*$E$20,0) -> 145 | K57: =ROUNDDOWN(I57*$H$4*$E$21*$E$20,0) -> 0 | L57: =O57-($O$57-$O$53)/12 -> 0.69583333 | M57: =ROUNDDOWN(L57*$F$4*$E$21*$E$20,0) -> 146 | N57: =ROUNDDOWN(L57*$H$4*$E$21*$E$20,0) -> 0 | O57: =G7 -> 0.7 | P57: =ROUNDDOWN(O57*$F$4*$E$21*$E$20,0) -> 147 | Q57: =ROUNDDOWN(O57*$H$4*$E$21*$E$20,0) -> 0 | R57: =P57-P53 -> 11 | S57: =Q57-Q53 -> 0
B58: B | C58: =F58-($O$58-$O$54)/12 -> 0.71333333 | D58: =ROUNDDOWN(C58*$F$4*$E$21*$E$20,0) -> 149 | E58: =ROUNDDOWN(C58*$H$4*$E$21*$E$20,0) -> 0 | F58: =I58-($O$58-$O$54)/12 -> 0.715 | G58: =ROUNDDOWN(F58*$F$4*$E$21*$E$20,0) -> 150 | H58: =ROUNDDOWN(F58*$H$4*$E$21*$E$20,0) -> 0 | I58: =L58-($O$58-$O$54)/12 -> 0.71666667 | J58: =ROUNDDOWN(I58*$F$4*$E$21*$E$20,0) -> 150 | K58: =ROUNDDOWN(I58*$H$4*$E$21*$E$20,0) -> 0 | L58: =O58-($O$58-$O$54)/12 -> 0.71833333 | M58: =ROUNDDOWN(L58*$F$4*$E$21*$E$20,0) -> 150 | N58: =ROUNDDOWN(L58*$H$4*$E$21*$E$20,0) -> 0 | O58: =G8 -> 0.72 | P58: =ROUNDDOWN(O58*$F$4*$E$21*$E$20,0) -> 151 | Q58: =ROUNDDOWN(O58*$H$4*$E$21*$E$20,0) -> 0 | R58: =P58-P54 -> 4 | S58: =Q58-Q54 -> 0 | U58: =P49+P53+P57+P61+P65 -> 692
B59: C | C59: =F59-($O$59-$O$55)/12 -> 0.43333333 | D59: =ROUNDDOWN(C59*$F$4*$E$21*$E$20,0) -> 91 | E59: =ROUNDDOWN(C59*$H$4*$E$21*$E$20,0) -> 0 | F59: =I59-($O$59-$O$55)/12 -> 0.445 | G59: =ROUNDDOWN(F59*$F$4*$E$21*$E$20,0) -> 93 | H59: =ROUNDDOWN(F59*$H$4*$E$21*$E$20,0) -> 0 | I59: =L59-($O$59-$O$55)/12 -> 0.45666667 | J59: =ROUNDDOWN(I59*$F$4*$E$21*$E$20,0) -> 95 | K59: =ROUNDDOWN(I59*$H$4*$E$21*$E$20,0) -> 0 | L59: =O59-($O$59-$O$55)/12 -> 0.46833333 | M59: =ROUNDDOWN(L59*$F$4*$E$21*$E$20,0) -> 98 | N59: =ROUNDDOWN(L59*$H$4*$E$21*$E$20,0) -> 0 | O59: =G9 -> 0.48 | P59: =ROUNDDOWN(O59*$F$4*$E$21*$E$20,0) -> 100 | Q59: =ROUNDDOWN(O59*$H$4*$E$21*$E$20,0) -> 0 | R59: =P59-P55 -> 29 | S59: =Q59-Q55 -> 0
C60: Year 4
B61: A | C61: =F61-($O$61-$O$57)/12 -> 0.73333333 | D61: =ROUNDDOWN(C61*$F$4*$E$21*$E$20,0) -> 154 | E61: =ROUNDDOWN(C61*$H$4*$E$21*$E$20,0) -> 0 | F61: =I61-($O$61-$O$57)/12 -> 0.7375 | G61: =ROUNDDOWN(F61*$F$4*$E$21*$E$20,0) -> 154 | H61: =ROUNDDOWN(F61*$H$4*$E$21*$E$20,0) -> 0 | I61: =L61-($O$61-$O$57)/12 -> 0.74166667 | J61: =ROUNDDOWN(I61*$F$4*$E$21*$E$20,0) -> 155 | K61: =ROUNDDOWN(I61*$H$4*$E$21*$E$20,0) -> 0 | L61: =O61-($O$61-$O$57)/12 -> 0.74583333 | M61: =ROUNDDOWN(L61*$F$4*$E$21*$E$20,0) -> 156 | N61: =ROUNDDOWN(L61*$H$4*$E$21*$E$20,0) -> 0 | O61: =H7 -> 0.75 | P61: =ROUNDDOWN(O61*$F$4*$E$21*$E$20,0) -> 157 | Q61: =ROUNDDOWN(O61*$H$4*$E$21*$E$20,0) -> 0 | R61: =P61-P57 -> 10 | S61: =Q61-Q57 -> 0
B62: B | C62: =F62-($O$62-$O$58)/12 -> 0.75333333 | D62: =ROUNDDOWN(C62*$F$4*$E$21*$E$20,0) -> 158 | E62: =ROUNDDOWN(C62*$H$4*$E$21*$E$20,0) -> 0 | F62: =I62-($O$62-$O$58)/12 -> 0.7575 | G62: =ROUNDDOWN(F62*$F$4*$E$21*$E$20,0) -> 159 | H62: =ROUNDDOWN(F62*$H$4*$E$21*$E$20,0) -> 0 | I62: =L62-($O$62-$O$58)/12 -> 0.76166667 | J62: =ROUNDDOWN(I62*$F$4*$E$21*$E$20,0) -> 159 | K62: =ROUNDDOWN(I62*$H$4*$E$21*$E$20,0) -> 0 | L62: =O62-($O$62-$O$58)/12 -> 0.76583333 | M62: =ROUNDDOWN(L62*$F$4*$E$21*$E$20,0) -> 160 | N62: =ROUNDDOWN(L62*$H$4*$E$21*$E$20,0) -> 0 | O62: =H8 -> 0.77 | P62: =ROUNDDOWN(O62*$F$4*$E$21*$E$20,0) -> 161 | Q62: =ROUNDDOWN(O62*$H$4*$E$21*$E$20,0) -> 0 | R62: =P62-P58 -> 10 | S62: =Q62-Q58 -> 0
B63: C | C63: =F63-($O$63-$O$59)/12 -> 0.57333333 | D63: =ROUNDDOWN(C63*$F$4*$E$21*$E$20,0) -> 120 | E63: =ROUNDDOWN(C63*$H$4*$E$21*$E$20,0) -> 0 | F63: =I63-($O$63-$O$59)/12 -> 0.585 | G63: =ROUNDDOWN(F63*$F$4*$E$21*$E$20,0) -> 122 | H63: =ROUNDDOWN(F63*$H$4*$E$21*$E$20,0) -> 0 | I63: =L63-($O$63-$O$59)/12 -> 0.59666667 | J63: =ROUNDDOWN(I63*$F$4*$E$21*$E$20,0) -> 125 | K63: =ROUNDDOWN(I63*$H$4*$E$21*$E$20,0) -> 0 | L63: =O63-($O$63-$O$59)/12 -> 0.60833333 | M63: =ROUNDDOWN(L63*$F$4*$E$21*$E$20,0) -> 127 | N63: =ROUNDDOWN(L63*$H$4*$E$21*$E$20,0) -> 0 | O63: =H9 -> 0.62 | P63: =ROUNDDOWN(O63*$F$4*$E$21*$E$20,0) -> 130 | Q63: =ROUNDDOWN(O63*$H$4*$E$21*$E$20,0) -> 0 | R63: =P63-P59 -> 30 | S63: =Q63-Q59 -> 0
C64: Year 5
B65: A | C65: =F65-($O$65-$O$61)/12 -> 0.78333333 | D65: =ROUNDDOWN(C65*$F$4*$E$21*$E$20,0) -> 164 | E65: =ROUNDDOWN(C65*$H$4*$E$21*$E$20,0) -> 0 | F65: =I65-($O$65-$O$61)/12 -> 0.7875 | G65: =ROUNDDOWN(F65*$F$4*$E$21*$E$20,0) -> 165 | H65: =ROUNDDOWN(F65*$H$4*$E$21*$E$20,0) -> 0 | I65: =L65-($O$65-$O$61)/12 -> 0.79166667 | J65: =ROUNDDOWN(I65*$F$4*$E$21*$E$20,0) -> 166 | K65: =ROUNDDOWN(I65*$H$4*$E$21*$E$20,0) -> 0 | L65: =O65-($O$65-$O$61)/12 -> 0.79583333 | M65: =ROUNDDOWN(L65*$F$4*$E$21*$E$20,0) -> 167 | N65: =ROUNDDOWN(L65*$H$4*$E$21*$E$20,0) -> 0 | O65: =I7 -> 0.8 | P65: =ROUNDDOWN(O65*$F$4*$E$21*$E$20,0) -> 168 | Q65: =ROUNDDOWN(O65*$H$4*$E$21*$E$20,0) -> 0 | R65: =P65-P61 -> 11 | S65: =Q65-Q61 -> 0
B66: B | C66: =F66-($O$66-$O$62)/12 -> 0.79 | D66: =ROUNDDOWN(C66*$F$4*$E$21*$E$20,0) -> 165 | E66: =ROUNDDOWN(C66*$H$4*$E$21*$E$20,0) -> 0 | F66: =I66-($O$66-$O$62)/12 -> 0.7925 | G66: =ROUNDDOWN(F66*$F$4*$E$21*$E$20,0) -> 166 | H66: =ROUNDDOWN(F66*$H$4*$E$21*$E$20,0) -> 0 | I66: =L66-($O$66-$O$62)/12 -> 0.795 | J66: =ROUNDDOWN(I66*$F$4*$E$21*$E$20,0) -> 166 | K66: =ROUNDDOWN(I66*$H$4*$E$21*$E$20,0) -> 0 | L66: =O66-($O$66-$O$62)/12 -> 0.7975 | M66: =ROUNDDOWN(L66*$F$4*$E$21*$E$20,0) -> 167 | N66: =ROUNDDOWN(L66*$H$4*$E$21*$E$20,0) -> 0 | O66: =I8 -> 0.8 | P66: =ROUNDDOWN(O66*$F$4*$E$21*$E$20,0) -> 168 | Q66: =ROUNDDOWN(O66*$H$4*$E$21*$E$20,0) -> 0 | R66: =P66-P62 -> 7 | S66: =Q66-Q62 -> 0
B67: C | C67: =F67-($O$67-$O$63)/12 -> 0.67333333 | D67: =ROUNDDOWN(C67*$F$4*$E$21*$E$20,0) -> 141 | E67: =ROUNDDOWN(C67*$H$4*$E$21*$E$20,0) -> 0 | F67: =I67-($O$67-$O$63)/12 -> 0.68 | G67: =ROUNDDOWN(F67*$F$4*$E$21*$E$20,0) -> 142 | H67: =ROUNDDOWN(F67*$H$4*$E$21*$E$20,0) -> 0 | I67: =L67-($O$67-$O$63)/12 -> 0.68666667 | J67: =ROUNDDOWN(I67*$F$4*$E$21*$E$20,0) -> 144 | K67: =ROUNDDOWN(I67*$H$4*$E$21*$E$20,0) -> 0 | L67: =O67-($O$67-$O$63)/12 -> 0.69333333 | M67: =ROUNDDOWN(L67*$F$4*$E$21*$E$20,0) -> 145 | N67: =ROUNDDOWN(L67*$H$4*$E$21*$E$20,0) -> 0 | O67: =I9 -> 0.7 | P67: =ROUNDDOWN(O67*$F$4*$E$21*$E$20,0) -> 147 | Q67: =ROUNDDOWN(O67*$H$4*$E$21*$E$20,0) -> 0 | R67: =P67-P63 -> 17 | S67: =Q67-Q63 -> 0

Sheet Calculation Sheet
C2: REVENUE
C4: Sharing Fee dg ISP | E4: 0.5
C6: Total Unit | E6: =Assumption!E21 -> 300 | G6: Target Subs | H6: =Assumption!H21 -> 168
C7: Pricing
C9: No | D9: Product | E9: Product Name | F9: Price (IDR) | G9: Distribution | H9: Weighted Price | I9: Instalation Charge
C10: 1 | D10: =Assumption!E10 -> SOHO | E10: =Assumption!E11 -> 30 Mbps | F10: =Assumption!G11 -> 750000 | G10: =Assumption!F11 -> 0.65 | H10: =(F10*G10)+(F11*G11)+(F12*G12)+(F13*G13) -> 920000 | I10: =Assumption!F15 -> 500000
E11: =Assumption!E12 -> 50 Mbps | F11: =Assumption!G12 -> 850000 | G11: =Assumption!F12 -> 0.25
E12: =Assumption!E13 -> 100 Mbps | F12: =Assumption!G13 -> 1100000 | G12: =Assumption!F13 -> 0.2
E13: =Assumption!E14 -> 0 | F13: =Assumption!G14 -> 0 | G13: =Assumption!F14 -> 0
C14: 2 | D14: =Assumption!H10 -> Dedicated | E14: =Assumption!H11 -> 0 | F14: =Assumption!J11 -> 0 | G14: =Assumption!I11 -> 0 | H14: =(F14*G14)+(F15*G15)+(F16*G16) -> 0 | I14: =Assumption!I15 -> 0
E15: =Assumption!H12 -> 0 | F15: =Assumption!J12 -> 0 | G15: =Assumption!I12 -> 0
E16: =Assumption!H13 -> 0 | F16: =Assumption!J13 -> 0 | G16: =Assumption!I13 -> 0
C17: 3 | D17: Sewa ONT /bln
C19: No | D19: Product | E19: =E9 -> Product Name | F19: Bandwidth (Mbps)
C20: 1 | D20: Sewa Local Loop | E20: Bandwidth | F20: 3
C22: IBS Revenue projection (IDR)
C24: No | D24: 1. Sken A | E24: Year 1 | F24: Year 2 | G24: Year 3 | H24: Year 4 | I24: Year 5
C25: 1 | D25: =D10 -> SOHO | E25: =$H$10*$E$4*(Assumption!D26+Assumption!G26+Assumption!J26+Assumption!M26+Assumption!P26+Assumption!S26+Assumption!V26+Assumption!D49+Assumption!G49+Assumption!J49+Assumption!M49+Assumption!P49) -> 251160000 | F25: =$H$10*$E$4*(Assumption!D30+Assumption!G30+Assumption!J30+Assumption!M30+Assumption!P30+Assumption!S30+Assumption!V30+Assumption!D53+Assumption!G53+Assumption!J53+Assumption!M53+Assumption!P53) -> 618240000 | G25: =$H$10*$E$4*(Assumption!D34+Assumption!G34+Assumption!J34+Assumption!M34+Assumption!P34+Assumption!S34+Assumption!V34+Assumption!D57+Assumption!G57+Assumption!J57+Assumption!M57+Assumption!P57) -> 782920000 | H25: =$H$10*$E$4*(Assumption!D38+Assumption!G38+Assumption!J38+Assumption!M38+Assumption!P38+Assumption!S38+Assumption!V38+Assumption!D61+Assumption!G61+Assumption!J61+Assumption!M61+Assumption!P61) -> 839960000 | I25: =$H$10*$E$4*(Assumption!D42+Assumption!G42+Assumption!J42+Assumption!M42+Assumption!P42+Assumption!S42+Assumption!V42+Assumption!D65+Assumption!G65+Assumption!J65+Assumption!M65+Assumption!P65) -> 898840000
C26: 2 | D26: =D14 -> Dedicated | E26: =$H$14*E4*(Assumption!E26+Assumption!H26+Assumption!K26+Assumption!N26+Assumption!Q26+Assumption!T26+Assumption!W26+Assumption!E49+Assumption!H49+Assumption!K49+Assumption!N49+Assumption!Q49) -> 0 | F26: =$H$14*E4*(Assumption!E30+Assumption!H30+Assumption!K30+Assumption!N30+Assumption!Q30+Assumption!T30+Assumption!W30+Assumption!E49+Assumption!H49+Assumption!K49+Assumption!N49+Assumption!Q49) -> 0 | G26: =$H$14*E4*(Assumption!E34+Assumption!H34+Assumption!K34+Assumption!N34+Assumption!Q34+Assumption!T34+Assumption!W34+Assumption!E57+Assumption!H57+Assumption!K57+Assumption!N57+Assumption!Q57) -> 0 | H26: =$H$14*E4*(Assumption!E38+Assumption!H38+Assumption!K38+Assumption!N38+Assumption!Q38+Assumption!T38+Assumption!W38+Assumption!E61+Assumption!H61+Assumption!K61+Assumption!N61+Assumption!Q61) -> 0 | I26: =$H$14*E4*(Assumption!E42+Assumption!H42+Assumption!K42+Assumption!N42+Assumption!Q42+Assumption!T42+Assumption!W42+Assumption!E65+Assumption!H65+Assumption!K65+Assumption!N65+Assumption!Q65) -> 0
C27: 3 | D27: Installation | E27: =(($I$10*Assumption!R49)+($I$14*Assumption!S49))*$E$4 -> 21000000 | F27: =(($I$10*Assumption!R53)+($I$14*Assumption!S53))*$E$4 -> 13000000 | G27: =(($I$10*Assumption!R57)+($I$14*Assumption!S57))*$E$4 -> 2750000 | H27: =(($I$10*Assumption!R61)+($I$14*Assumption!S61))*$E$4 -> 2500000 | I27: =(($I$10*Assumption!R65)+($I$14*Assumption!S65))*$E$4 -> 2750000
C28: 4 | D28: Sewa ONT | E28: =$H$17*(Assumption!E26+Assumption!H26+Assumption!K26+Assumption!N26+Assumption!Q26+Assumption!T26+Assumption!W26+Assumption!E49+Assumption!H49+Assumption!K49+Assumption!N49+Assumption!Q49) -> 0 | F28: =$H$17*(Assumption!E30+Assumption!H30+Assumption!K30+Assumption!N30+Assumption!Q30+Assumption!T30+Assumption!W30+Assumption!E53+Assumption!H53+Assumption!K53+Assumption!N53+Assumption!Q53) -> 0 | G28: =H17*(Assumption!E34+Assumption!H34+Assumption!K34+Assumption!N34+Assumption!Q34+Assumption!T34+Assumption!W34+Assumption!E57+Assumption!H57+Assumption!K57+Assumption!N57+Assumption!Q57) -> 0 | H28: =H17*(Assumption!E38+Assumption!H38+Assumption!K38+Assumption!N38+Assumption!Q38+Assumption!T38+Assumption!W38+Assumption!E61+Assumption!H61+Assumption!K61+Assumption!N61+Assumption!Q61) -> 0 | I28: =H17*(Assumption!E42+Assumption!H42+Assumption!K42+Assumption!N42+Assumption!Q42+Assumption!T42+Assumption!W42+Assumption!E65+Assumption!H65+Assumption!K65+Assumption!N65+Assumption!Q65) -> 0
C29: 5 | D29: IPL | E29: =Assumption!$H$18*Assumption!$H$21*Assumption!$E$19*12 -> 0 | F29: =Assumption!$H$18*Assumption!$H$21*Assumption!$E$19*12 -> 0 | G29: =Assumption!$H$18*Assumption!$H$21*Assumption!$E$19*12 -> 0 | H29: =Assumption!$H$18*Assumption!$H$21*Assumption!$E$19*12 -> 0 | I29: =Assumption!$H$18*Assumption!$H$21*Assumption!$E$19*12 -> 0
E30: =SUM(E25:E29) -> 272160000 | F30: =SUM(F25:F29) -> 631240000 | G30: =SUM(G25:G29) -> 785670000 | H30: =SUM(H25:H29) -> 842460000 | I30: =SUM(I25:I29) -> 901590000
AB31: Broadb | AC31: SOHO
C32: No | D32: 2. Sken B | E32: Year 1 | F32: Year 2 | G32: Year 3 | H32: Year 4 | I32: Year 5
C33: 1 | D33: =D10 -> SOHO | E33: =$H$10*$E$4*(Assumption!D27+Assumption!G27+Assumption!J27+Assumption!M27+Assumption!P27+Assumption!S27+Assumption!V27+Assumption!D50+Assumption!G50+Assumption!J50+Assumption!M50+Assumption!P50) -> 375360000 | F33: =$H$10*$E$4*(Assumption!D31+Assumption!G31+Assumption!J31+Assumption!M31+Assumption!P31+Assumption!S31+Assumption!V31+Assumption!D54+Assumption!G54+Assumption!J54+Assumption!M54+Assumption!P54) -> 756240000 | G33: =$H$10*$E$4*(Assumption!D35+Assumption!G35+Assumption!J35+Assumption!M35+Assumption!P35+Assumption!S35+Assumption!V35+Assumption!D58+Assumption!G58+Assumption!J58+Assumption!M58+Assumption!P58) -> 821560000 | H33: =$H$10*$E$4*(Assumption!D39+Assumption!G39+Assumption!J39+Assumption!M39+Assumption!P39+Assumption!S39+Assumption!V39+Assumption!D62+Assumption!G62+Assumption!J62+Assumption!M62+Assumption!P62) -> 862960000 | I33: =$H$10*$E$4*(Assumption!D43+Assumption!G43+Assumption!J43+Assumption!M43+Assumption!P43+Assumption!S43+Assumption!V43+Assumption!D66+Assumption!G66+Assumption!J66+Assumption!M66+Assumption!P66) -> 908500000
C34: 2 | D34: =D14 -> Dedicated | E34: =$H$14*E4*(Assumption!E27+Assumption!H27+Assumption!K27+Assumption!N27+Assumption!Q27+Assumption!T27+Assumption!W27+Assumption!E50+Assumption!H50+Assumption!K50+Assumption!N50+Assumption!Q50) -> 0 | F34: =$H$14*E4*(Assumption!E31+Assumption!H31+Assumption!K31+Assumption!N31+Assumption!Q31+Assumption!T31+Assumption!W31+Assumption!E54+Assumption!H54+Assumption!K54+Assumption!N54+Assumption!Q54) -> 0 | G34: =$H$14*E4*(Assumption!E35+Assumption!H35+Assumption!K35+Assumption!N35+Assumption!Q35+Assumption!T35+Assumption!W35+Assumption!E58+Assumption!H58+Assumption!K58+Assumption!N58+Assumption!Q58) -> 0 | H34: =$H$14*E4*(Assumption!E39+Assumption!H39+Assumption!K39+Assumption!N39+Assumption!Q39+Assumption!T39+Assumption!W39+Assumption!E62+Assumption!H62+Assumption!K62+Assumption!N62+Assumption!Q62) -> 0 | I34: =$H$14*E4*(Assumption!E43+Assumption!H43+Assumption!K43+Assumption!N43+Assumption!Q43+Assumption!T43+Assumption!W43+Assumption!E66+Assumption!H66+Assumption!K66+Assumption!N66+Assumption!Q66) -> 0
C35: 3 | D35: Installation | E35: =(($I$10*Assumption!R50)+($I$14*Assumption!S50))*$E$4 -> 31500000 | F35: =(($I$10*Assumption!R54)+($I$14*Assumption!S54))*$E$4 -> 5250000 | G35: =(($I$10*Assumption!R58)+($I$14*Assumption!S58))*$E$4 -> 1000000 | H35: =(($I$10*Assumption!R62)+($I$14*Assumption!S62))*$E$4 -> 2500000 | I35: =(($I$10*Assumption!R66)+($I$14*Assumption!S66))*$E$4 -> 1750000
C36: 4 | D36: Sewa ONT | E36: =$H$17*(Assumption!E27+Assumption!H27+Assumption!K27+Assumption!N27+Assumption!Q27+Assumption!T27+Assumption!W27+Assumption!E50+Assumption!H50+Assumption!K50+Assumption!N50+Assumption!Q50) -> 0 | F36: =H17*(Assumption!E31+Assumption!H31+Assumption!K31+Assumption!N31+Assumption!Q31+Assumption!T31+Assumption!W31+Assumption!W54+Assumption!H54+Assumption!K54+Assumption!N54+Assumption!Q54) -> 0 | G36: =$H$17*(Assumption!E35+Assumption!H35+Assumption!K35+Assumption!N35+Assumption!Q35+Assumption!T35+Assumption!W35+Assumption!E58+Assumption!H58+Assumption!K58+Assumption!N58+Assumption!Q58) -> 0 | H36: =H17*(Assumption!E39+Assumption!H39+Assumption!K39+Assumption!N39+Assumption!Q39+Assumption!T39+Assumption!W39+Assumption!E62+Assumption!H62+Assumption!K62+Assumption!N62+Assumption!Q62) -> 0 | I36: =H17*(Assumption!E43+Assumption!H43+Assumption!K43+Assumption!N43+Assumption!Q43+Assumption!T43+Assumption!W43+Assumption!E66+Assumption!H66+Assumption!K66+Assumption!N66+Assumption!Q66) -> 0
C37: 5 | D37: IPL | E37: =Assumption!$H$18*Assumption!$H$21*Assumption!$E$19*12 -> 0 | F37: =Assumption!$H$18*Assumption!$H$21*Assumption!$E$19*12 -> 0 | G37: =Assumption!$H$18*Assumption!$H$21*Assumption!$E$19*12 -> 0 | H37: =Assumption!$H$18*Assumption!$H$21*Assumption!$E$19*12 -> 0 | I37: =Assumption!$H$18*Assumption!$H$21*Assumption!$E$19*12 -> 0
E38: =SUM(E33:E37) -> 406860000 | F38: =SUM(F33:F37) -> 761490000 | G38: =SUM(G33:G37) -> 822560000 | H38: =SUM(H33:H37) -> 865460000 | I38: =SUM(I33:I37) -> 910250000
C40: No | D40: 3. Sken C | E40: Year 1 | F40: Year 2 | G40: Year 3 | H40: Year 4 | I40: Year 5
C41: 1 | D41: =D10 -> SOHO | E41: =$H$10*$E$4*(Assumption!D28+Assumption!G28+Assumption!J28+Assumption!M28+Assumption!P28+Assumption!S28+Assumption!V28+Assumption!D51+Assumption!G51+Assumption!J51+Assumption!M51+Assumption!P51) -> 135240000 | F41: =$H$10*$E$4*(Assumption!D32+Assumption!G32+Assumption!J32+Assumption!M32+Assumption!P32+Assumption!S32+Assumption!V32+Assumption!D55+Assumption!G55+Assumption!J55+Assumption!M55+Assumption!P55) -> 327980000 | G41: =$H$10*$E$4*(Assumption!D36+Assumption!G36+Assumption!J36+Assumption!M36+Assumption!P36+Assumption!S36+Assumption!V36+Assumption!D59+Assumption!G59+Assumption!J59+Assumption!M59+Assumption!P59) -> 479320000 | H41: =$H$10*$E$4*(Assumption!D40+Assumption!G40+Assumption!J40+Assumption!M40+Assumption!P40+Assumption!S40+Assumption!V40+Assumption!D63+Assumption!G63+Assumption!J63+Assumption!M63+Assumption!P63) -> 641700000 | I41: =$H$10*$E$4*(Assumption!D44+Assumption!G44+Assumption!J44+Assumption!M44+Assumption!P44+Assumption!S44+Assumption!V44+Assumption!D67+Assumption!G67+Assumption!J67+Assumption!M67+Assumption!P67) -> 766820000
C42: 2 | D42: =D14 -> Dedicated | E42: =$H$14*E4*(Assumption!E28+Assumption!H28+Assumption!K28+Assumption!N28+Assumption!Q28+Assumption!T28+Assumption!W28+Assumption!E51+Assumption!H51+Assumption!K51+Assumption!N51+Assumption!Q51) -> 0 | F42: =$H$14*E4*(Assumption!E32+Assumption!H32+Assumption!K32+Assumption!N32+Assumption!Q32+Assumption!T32+Assumption!W32+Assumption!E55+Assumption!H55+Assumption!K55+Assumption!N55+Assumption!Q55) -> 0 | G42: =$H$14*E4*(Assumption!E36+Assumption!H36+Assumption!K36+Assumption!N36+Assumption!Q36+Assumption!T36+Assumption!W36+Assumption!E59+Assumption!H59+Assumption!K59+Assumption!N59+Assumption!Q59) -> 0 | H42: =$H$14*E4*(Assumption!E40+Assumption!H40+Assumption!K40+Assumption!N40+Assumption!Q40+Assumption!T40+Assumption!W40+Assumption!E63+Assumption!H63+Assumption!K63+Assumption!N63+Assumption!Q63) -> 0 | I42: =$H$14*E4*(Assumption!E44+Assumption!H44+Assumption!K44+Assumption!N44+Assumption!Q44+Assumption!T44+Assumption!W44+Assumption!E67+Assumption!H67+Assumption!K67+Assumption!N67+Assumption!Q67) -> 0
C43: 3 | D43: Installation | E43: =(($I$10*Assumption!R51)+($I$14*Assumption!S51))*$E$4 -> 11500000 | F43: =(($I$10*Assumption!R55)+($I$14*Assumption!S55))*$E$4 -> 6250000 | G43: =(($I$10*Assumption!R59)+($I$14*Assumption!S59))*$E$4 -> 7250000 | H43: =(($I$10*Assumption!R63)+($I$14*Assumption!S63))*$E$4 -> 7500000 | I43: =(($I$10*Assumption!R67)+($I$14*Assumption!S67))*$E$4 -> 4250000
C44: 4 | D44: Sewa ONT | E44: =$H$17*(Assumption!E28+Assumption!H28+Assumption!K28+Assumption!N28+Assumption!Q28+Assumption!T28+Assumption!W28+Assumption!E51+Assumption!H51+Assumption!K51+Assumption!N51+Assumption!Q51) -> 0 | F44: =$H$17*(Assumption!E32+Assumption!H32+Assumption!K32+Assumption!N32+Assumption!Q32+Assumption!T32+Assumption!W32+Assumption!E55+Assumption!H55+Assumption!K55+Assumption!N55+Assumption!Q55) -> 0 | G44: =H17*(Assumption!E36+Assumption!H36+Assumption!K36+Assumption!N36+Assumption!Q36+Assumption!T36+Assumption!W36+Assumption!E59+Assumption!H59+Assumption!K59+Assumption!N59+Assumption!Q59) -> 0 | H44: =H17*(Assumption!E40+Assumption!H40+Assumption!K40+Assumption!N40+Assumption!Q40+Assumption!T40+Assumption!W40+Assumption!E63+Assumption!H63+Assumption!K63+Assumption!N63+Assumption!Q63) -> 0 | I44: =$H$17*(Assumption!E44+Assumption!H44+Assumption!K44+Assumption!N44+Assumption!Q44+Assumption!T44+Assumption!W44+Assumption!E67+Assumption!H67+Assumption!K67+Assumption!N67+Assumption!Q67) -> 0
C45: 5 | D45: IPL | E45: =Assumption!$H$18*Assumption!$H$21*Assumption!$E$19*12 -> 0 | F45: =Assumption!$H$18*Assumption!$H$21*Assumption!$E$19*12 -> 0 | G45: =Assumption!$H$18*Assumption!$H$21*Assumption!$E$19*12 -> 0 | H45: =Assumption!$H$18*Assumption!$H$21*Assumption!$E$19*12 -> 0 | I45: =Assumption!$H$18*Assumption!$H$21*Assumption!$E$19*12 -> 0
E46: =SUM(E41:E45) -> 146740000 | F46: =SUM(F41:F45) -> 334230000 | G46: =SUM(G41:G45) -> 486570000 | H46: =SUM(H41:H45) -> 649200000 | I46: =SUM(I41:I45) -> 771070000
C48: COST | F48: Material by IBS
E49: BOQ | F49: 0 | G49: ONT
C50: CAPEX (BOQ) | E50: Tenant | G50: Qty Tenant | H50: =Assumption!H21 -> 168
C52: No | D52: Item | E52: Y1 | F52: Y2 | G52: Y3 | H52: Y4 | I52: Y5 | L52: MMR | M52: 158990000
C53: 1 | D53: BOQ | E53: =IRR!H17 -> 66000000 | F53: =0%*$F$49 -> 0 | G53: 200000000 | L53: GPON-MALL | M53: 259200000 | N53: Tenant Material | O53: 213200000
C54: 2 | D54: Tenant A | H54: =$F$50*Assumption!R61 -> 0 | I54: =$F$50*Assumption!R65 -> 0 | L54: WiFi+SignAd | M54: 81134500
D55: Tenant B | H55: =$F$50*Assumption!R62 -> 0 | I55: =$F$50*Assumption!R66 -> 0
D56: Tenant C | H56: =$F$50*Assumption!R63 -> 0 | I56: =$F$50*Assumption!R67 -> 0
C57: 3 | D57: ONT A | E57: =$H$49*Assumption!S49 -> 0 | F57: =$H$49*Assumption!S53 -> 0 | G57: =$H$49*Assumption!S57 -> 0 | H57: =$H$49*Assumption!S61 -> 0 | I57: =$H$49*Assumption!S65 -> 0
D58: ONT B | E58: =$H$49*Assumption!S50 -> 0 | F58: =$H$49*Assumption!S54 -> 0 | G58: =$H$49*Assumption!S58 -> 0 | H58: =$H$49*Assumption!S62 -> 0 | I58: =$H$49*Assumption!S66 -> 0
D59: ONT C | E59: =$H$49*Assumption!S51 -> 0 | F59: =$H$49*Assumption!S55 -> 0 | G59: =$H$49*Assumption!S59 -> 0 | H59: =$H$49*Assumption!S63 -> 0 | I59: =$H$49*Assumption!S67 -> 0
D60: TOTAL A | H60: =H53+H54+H57 -> 0 | I60: =I53+I54+I57 -> 0
D61: TOTAL B | H61: =H53+H55+H58 -> 0 | I61: =I53+I55+I58 -> 0
D62: TOTAL C | H62: =H53+H56+H59 -> 0 | I62: =I53+I56+I59 -> 0
C63: TOTAL | D63: Capex A | E63: =E60+F60+G60+H60+I60 -> 0 | F63: Capex B | H63: Capex C
C65: Revenue share to BM | E65: 0.4 | F65: 0.4 | G65: 0.4 | H65: 0.3 | I65: 0.3
C66: Bandwidth WiFi Broadband | E66: 20 Mbps | F66: =H10 -> 920000 | G66: per month | H66: untuk Compliment
C67: Bandwidth WiFi Dedicated | E67: 3 Mbps | F67: 150000 | G67: per month | H67: untuk monitoring
C69: Operating Expense (IDR)
C71: No | D71: 1. Sken A | E71: Year 1 | F71: Year 2 | G71: Year 3 | H71: Year 4 | I71: Year 5
C72: 1 | D72: Electricity
C73: 2 | D73: Maintenance | E73: =Assumption!$R$6*'Calculation Sheet'!$E$63 -> 0 | F73: =Assumption!$R$6*'Calculation Sheet'!$E$63 -> 0 | G73: =Assumption!$R$6*'Calculation Sheet'!$E$63 -> 0 | H73: =Assumption!$R$6*'Calculation Sheet'!$E$63 -> 0 | I73: =Assumption!$R$6*'Calculation Sheet'!$E$63 -> 0
C74: 3 | D74: Rev Share ke BM | E74: =E65*(E25+E26+E27) -> 108864000 | F74: =F65*(F25+F26+F27) -> 252496000 | G74: =G65*(G25+G26+G27) -> 314268000 | H74: =H65*(H25+H26+H27) -> 252738000 | I74: =I65*(I25+I26+I27) -> 270477000
C75: 4 | D75: =C66 -> Bandwidth WiFi Broadband
C76: 5 | D76: Bandwidth WiFi Dedicated | E76: =3*150000*12 -> 5400000 | F76: =E76 -> 5400000 | G76: =F76 -> 5400000 | H76: =G76 -> 5400000 | I76: =H76 -> 5400000
E77: =SUM(E72:E76) -> 114264000 | F77: =SUM(F72:F76) -> 257896000 | G77: =SUM(G72:G76) -> 319668000 | H77: =SUM(H72:H76) -> 258138000 | I77: =SUM(I72:I76) -> 275877000
C79: No | D79: 2. Sken B | E79: Year 1 | F79: Year 2 | G79: Year 3 | H79: Year 4 | I79: Year 5
C80: 1 | D80: Electricity
C81: 2 | D81: Maintenance | E81: =Assumption!$R$6*'Calculation Sheet'!$G$63 -> 0 | F81: =Assumption!$R$6*'Calculation Sheet'!$G$63 -> 0 | G81: =Assumption!$R$6*'Calculation Sheet'!$G$63 -> 0 | H81: =Assumption!$R$6*'Calculation Sheet'!$G$63 -> 0 | I81: =Assumption!$R$6*'Calculation Sheet'!$G$63 -> 0
C82: 3 | D82: Rev Share ke BM | E82: =E65*(E33+E34+E35) -> 162744000 | F82: =F65*(F33+F34+F35) -> 304596000 | G82: =G65*(G33+G34+G35) -> 329024000 | H82: =H65*(H33+H34+H35) -> 259638000 | I82: =I65*(I33+I34+I35) -> 273075000
C83: 4 | D83: =D75 -> Bandwidth WiFi Broadband | E83: =E75 -> 0 | F83: =F75 -> 0 | G83: =G75 -> 0 | H83: =H75 -> 0 | I83: =I75 -> 0
C84: 5 | D84: Bandwidth WiFi Dedicated | E84: =3*150000*12 -> 5400000 | F84: =E84 -> 5400000 | G84: =F84 -> 5400000 | H84: =G84 -> 5400000 | I84: =H84 -> 5400000
E85: =SUM(E80:E84) -> 168144000 | F85: =SUM(F80:F84) -> 309996000 | G85: =SUM(G80:G84) -> 334424000 | H85: =SUM(H80:H84) -> 265038000 | I85: =SUM(I80:I84) -> 278475000
C87: No | D87: 3. Sken C | E87: Year 1 | F87: Year 2 | G87: Year 3 | H87: Year 4 | I87: Year 5
C88: 1 | D88: Electricity
C89: 2 | D89: Maintenance | E89: =Assumption!$R$6*'Calculation Sheet'!$I$63 -> 0 | F89: =Assumption!$R$6*'Calculation Sheet'!$I$63 -> 0 | G89: =Assumption!$R$6*'Calculation Sheet'!$I$63 -> 0 | H89: =Assumption!$R$6*'Calculation Sheet'!$I$63 -> 0 | I89: =Assumption!$R$6*'Calculation Sheet'!$I$63 -> 0
C90: 3 | D90: Rev Share ke BM | E90: =E65*(E41+E42+E43) -> 58696000 | F90: =F65*(F41+F42+F43) -> 133692000 | G90: =G65*(G41+G42+G43) -> 194628000 | H90: =H65*(H41+H42+H43) -> 194760000 | I90: =I65*(I41+I42+I43) -> 231321000
C91: 4 | D91: =D83 -> Bandwidth WiFi Broadband | E91: =E83 -> 0 | F91: =F83 -> 0 | G91: =G83 -> 0 | H91: =H83 -> 0 | I91: =I83 -> 0
C92: 5 | D92: Bandwidth WiFi Dedicated | E92: =3*150000*12 -> 5400000 | F92: =E92 -> 5400000 | G92: =F92 -> 5400000 | H92: =G92 -> 5400000 | I92: =H92 -> 5400000
E93: =SUM(E88:E92) -> 64096000 | F93: =SUM(F88:F92) -> 139092000 | G93: =SUM(G88:G92) -> 200028000 | H93: =SUM(H88:H92) -> 200160000 | I93: =SUM(I88:I92) -> 236721000

Sheet Revenue
B2: INTERNAL RATE OF RETURN (IRR)
B5: Building Name | E5: =Assumption!C4 -> LW Kota Wisata
B6: Address | E6: Kota Wisata
B7: Location | E7: Jakarta
B8: Building Type | E8: Mall
B9: Status | E9: Bangunan Baru
B10: Date | E10: 2023
B11: Status IRR | E11: New
B13: General Parameter
B14: Deposit Rate | E14: =Assumption!N15 -> 0.06 | F14: /tahun
B15: Discount Rate | E15: 0.15
B16: Loan Rate | E16: =Assumption!N14 -> 0.125 | F16: /tahun
B17: Kurs | E17: 15000 | F17: / USD 1
F19: A Achievable Target | H19: IRR: | I19: =IRR(E29:I29,$E$15) -> #NUM!
F20: B Stretch Target | H20: IRR: | I20: =IRR(D37:I37,$E$15) -> #NUM!
F21: C Low Target | H21: IRR: | I21: =IRR(D45:I45,$E$15) -> #NUM!
B24: No | C24: 1. Sken A | E24: Year 1 | F24: Year 2 | G24: Year 3 | H24: Year 4 | I24: Year 5 | J24: TOTAL
B25: 1 | C25: Revenue | E25: ='Calculation Sheet'!E30 -> 272160000 | F25: ='Calculation Sheet'!F30 -> 631240000 | G25: ='Calculation Sheet'!G30 -> 785670000 | H25: ='Calculation Sheet'!H30 -> 842460000 | I25: ='Calculation Sheet'!I30 -> 901590000 | J25: =SUM(E25:I25) -> 3433120000
B26: 2 | C26: Cost | E26: ='Calculation Sheet'!E77+'Calculation Sheet'!E53 -> 180264000 | F26: ='Calculation Sheet'!F77+'Calculation Sheet'!F53 -> 257896000 | G26: ='Calculation Sheet'!G77+'Calculation Sheet'!G53 -> 519668000 | H26: ='Calculation Sheet'!H77+'Calculation Sheet'!H53 -> 258138000 | I26: ='Calculation Sheet'!I77+'Calculation Sheet'!I53 -> 275877000 | J26: =SUM(E26:I26) -> 1491843000
B27: 3 | C27: Net | E27: =E25-E26 -> 91896000 | F27: =F25-F26 -> 373344000 | G27: =G25-G26 -> 266002000 | H27: =H25-H26 -> 584322000 | I27: =I25-I26 -> 625713000 | J27: =SUM(E27:I27) -> 1941277000
B28: 4 | C28: Interest | E28: =IF(E27<1,(E27*70%)*$E$16,E27*$E$14) -> 5513760 | F28: =IF(F30<1,(F30*70%)*$E$16,F30*$E$14) -> 27914400 | G28: =IF(G30<1,(G30*70%)*$E$16,G30*$E$14) -> 43874520 | H28: =IF(H30<1,(H30*70%)*$E$16,H30*$E$14) -> 78933840 | I28: =IF(I30<1,(I30*70%)*$E$16,I30*$E$14) -> 116476620 | J28: =SUM(E28:I28) -> 272713140
C29: TOTAL | E29: =E27+E28 -> 97409760 | F29: =F27+F28 -> 401258400 | G29: =G27+G28 -> 309876520 | H29: =H27+H28 -> 663255840 | I29: =I27+I28 -> 742189620 | J29: =SUM(E29:I29) -> 2213990140
E30: =E27 -> 91896000 | F30: =E30+F27 -> 465240000 | G30: =F30+G27 -> 731242000 | H30: =G30+H27 -> 1315564000 | I30: =H30+I27 -> 1941277000
B32: No | C32: 2. Sken B | E32: Year 1 | F32: Year 2 | G32: Year 3 | H32: Year 4 | I32: Year 5 | J32: TOTAL
B33: 1 | C33: Revenue | E33: ='Calculation Sheet'!E38 -> 406860000 | F33: ='Calculation Sheet'!F38 -> 761490000 | G33: ='Calculation Sheet'!G38 -> 822560000 | H33: ='Calculation Sheet'!H38 -> 865460000 | I33: ='Calculation Sheet'!I38 -> 910250000 | J33: =SUM(E33:I33) -> 3766620000
B34: 2 | C34: Cost | E34: ='Calculation Sheet'!E85+'Calculation Sheet'!E53 -> 234144000 | F34: ='Calculation Sheet'!F85+'Calculation Sheet'!F53 -> 309996000 | G34: ='Calculation Sheet'!G85+'Calculation Sheet'!G53 -> 534424000 | H34: ='Calculation Sheet'!H85+'Calculation Sheet'!H53 -> 265038000 | I34: ='Calculation Sheet'!I85+'Calculation Sheet'!I53 -> 278475000 | J34: =SUM(E34:I34) -> 1622077000
B35: 3 | C35: Net | E35: =E33-E34 -> 172716000 | F35: =F33-F34 -> 451494000 | G35: =G33-G34 -> 288136000 | H35: =H33-H34 -> 600422000 | I35: =I33-I34 -> 631775000 | J35: =SUM(E35:I35) -> 2144543000
B36: 4 | C36: Interest | E36: =IF(E35<1,(E35*70%)*$E$16,E35*$E$14) -> 10362960 | F36: =IF(F38<1,(F38*70%)*$E$16,F38*$E$14) -> 37452600 | G36: =IF(G38<1,(G38*70%)*$E$16,G38*$E$14) -> 54740760 | H36: =IF(H38<1,(H38*70%)*$E$16,H38*$E$14) -> 90766080 | I36: =IF(I38<1,(I38*70%)*$E$16,I38*$E$14) -> 128672580 | J36: =SUM(E36:I36) -> 321994980
C37: TOTAL | E37: =E35+E36 -> 183078960 | F37: =F35+F36 -> 488946600 | G37: =G35+G36 -> 342876760 | H37: =H35+H36 -> 691188080 | I37: =I35+I36 -> 760447580 | J37: =SUM(E37:I37) -> 2466537980
E38: =E35 -> 172716000 | F38: =E38+F35 -> 624210000 | G38: =F38+G35 -> 912346000 | H38: =G38+H35 -> 1512768000 | I38: =H38+I35 -> 2144543000
B40: No | C40: 3. Sken C | E40: Year 1 | F40: Year 2 | G40: Year 3 | H40: Year 4 | I40: Year 5 | J40: TOTAL
B41: 1 | C41: Revenue | E41: ='Calculation Sheet'!E46 -> 146740000 | F41: ='Calculation Sheet'!F46 -> 334230000 | G41: ='Calculation Sheet'!G46 -> 486570000 | H41: ='Calculation Sheet'!H46 -> 649200000 | I41: ='Calculation Sheet'!I46 -> 771070000 | J41: =SUM(E41:I41) -> 2387810000
B42: 2 | C42: Cost | E42: ='Calculation Sheet'!E93+'Calculation Sheet'!E53 -> 130096000 | F42: ='Calculation Sheet'!F93+'Calculation Sheet'!F53 -> 139092000 | G42: ='Calculation Sheet'!G93+'Calculation Sheet'!G53 -> 400028000 | H42: ='Calculation Sheet'!H93+'Calculation Sheet'!H53 -> 200160000 | I42: ='Calculation Sheet'!I93+'Calculation Sheet'!I53 -> 236721000 | J42: =SUM(E42:I42) -> 1106097000
B43: 3 | C43: Net | E43: =E41-E42 -> 16644000 | F43: =F41-F42 -> 195138000 | G43: =G41-G42 -> 86542000 | H43: =H41-H42 -> 449040000 | I43: =I41-I42 -> 534349000 | J43: =SUM(E43:I43) -> 1281713000
B44: 4 | C44: Interest | E44: =IF(E43<1,(E43*70%)*$E$16,E43*$E$14) -> 998640 | F44: =IF(F46<1,(F46*70%)*$E$16,F46*$E$14) -> 12706920 | G44: =IF(G46<1,(G46*70%)*$E$16,G46*$E$14) -> 17899440 | H44: =IF(H46<1,(H46*70%)*$E$16,H46*$E$14) -> 44841840 | I44: =IF(I46<1,(I46*70%)*$E$16,I46*$E$14) -> 76902780 | J44: =SUM(E44:I44) -> 153349620
C45: TOTAL | E45: =E43+E44 -> 17642640 | F45: =F43+F44 -> 207844920 | G45: =G43+G44 -> 104441440 | H45: =H43+H44 -> 493881840 | I45: =I43+I44 -> 611251780 | J45: =SUM(E45:I45) -> 1435062620
E46: =E43 -> 16644000 | F46: =F43+E46 -> 211782000 | G46: =G43+F46 -> 298324000 | H46: =H43+G46 -> 747364000 | I46: =I43+H46 -> 1281713000
F51: (Alphaliyanri L) | G51: (Lilis S)
